 Dungeon Crawl Stone Soup version 0.23-a0-305-g7ffd15e (webtiles) character file.

10718906 TheNamelessOne the Conqueror (level 27, 268/268 HPs)
             Began as a Naga Gladiator on Oct 9, 2018.
             Was the Champion of Kikubaaqudgha.
             Escaped with the Orb
             ... and 12 runes!
             The game lasted 06:55:18 (98357 turns).

TheNamelessOne the Conqueror (Naga Gladiator)      Turns: 98357, Time: 06:55:19

Health: 268/268    AC: 53    Str: 28    XL:     27
Magic:  40/40      EV: 17    Int: 21    God:    Kikubaaqudgha [******]
Gold:   6772       SH: 21    Dex: 15    Spells: 8/72 levels left

rFire    + + .     SeeInvis +   b - +9 broad axe (flame)
rCold    + + .     Gourm    .   y - +2 shield of Resistance {rF+ rC+ MR+}
rNeg     . . .     Faith    .   S - +10 storm dragon scales
rPois    +         Spirit   .   u - +2 helmet {Int+3}
rElec    +         Reflect  +   k - scarf {rC+ rF+}
rCorr    .         Harm     .   g - +3 pair of gauntlets of War {Slay+5}
MR       ++++.     Rnd*Rage +   F - +0 naga barding of Classification {Str+4 Dex+3} Stlth ..........Rnd*Tele +
                                e - +4 amulet of reflection
HPRegen  0.00/turn              A - ring "Ysibajum" {Int+9 Dex+2}
MPRegen  0.27/turn              t - ring of wizardry

@: studying 2 skills, very slow
A: large, see invisible, berserk 1, clumsy 2, deformed body, deterioration 1,
dopey 2, frail 1, low mp 2, poison resistance, screaming 2, slowness 2,
inhibited regeneration, slow metabolism 1, spit poison 2, teleportitis 1, no
potion heal 1, subdued magic 1, constrict 1, AC +9
0: Orb of Zot
}: 12/15 runes: barnacled, slimy, silver, icy, bone, abyssal, demonic, glowing,
magical, fiery, dark, gossamer
a: Breathe Poison Gas, Receive Corpses, Torment, Renounce Religion


You escaped.
You worshipped Kikubaaqudgha.
Kikubaaqudgha was exalted by your worship.
You were not hungry.

You visited 15 branches of the dungeon, and saw 74 of its levels.
You visited Pandemonium 3 times, and saw 16 of its levels.
You visited the Abyss 4 times.
You visited 1 bazaar.
You visited 1 ziggurat, and saw 10 of its levels.
You also visited: Labyrinth, Trove, Volcano and Wizlab.

You collected 12739 gold pieces.
You spent 5967 gold pieces at shops.

Inventory:

Hand Weapons
 b - a +9 broad axe of flaming (weapon)
 i - a +9 broad axe of electrocution
Missiles
 d - 14 throwing nets (quivered)
Armour
 g - the +3 pair of gauntlets of War (worn) {Slay+5}
   (Okawaru gifted it to you on level 2 of the Orcish Mines)

   It affects your accuracy and damage with ranged weapons and melee attacks
   (+5).
 k - a scarf of resistance (worn)
 u - a +2 helmet of intelligence (worn)
 w - a +2 hat of intelligence
 y - the +2 shield of Resistance (worn) {rF+ rC+ MR+}
   (You took it off a deep elf sorcerer on level 3 of the Elven Halls)

   It protects you from fire.
   It protects you from cold.
   It affects your resistance to hostile enchantments.
 D - the +0 helmet of Untold Secrets {rF+ rN+}
   (Okawaru gifted it to you on level 2 of the Vaults)

   It protects you from fire.
   It protects you from negative energy.
 F - the +0 naga barding of Classification (worn) {Str+4 Dex+3}
   (You acquired it on level 2 of the Spider Nest)

   It affects your strength (+4).
   It affects your dexterity (+3).
 S - +10 storm dragon scales (worn)
Jewellery
 e - a +4 amulet of reflection (around neck)
 t - a ring of wizardry (right hand)
 A - the ring "Ysibajum" (left hand) {Int+9 Dex+2}
   (You found it on level 9 of the Dungeon)

   [ring of dexterity]

   It affects your intelligence (+9).
   It affects your dexterity (+2).
 H - the ring "Vapnuuss" {Fire Int+7 Stlth-}
   (You acquired it on level 1 of the Crypt)

   [ring of fire]

   It enhances your fire magic.
   It affects your intelligence (+7).
   It protects you from fire.
   It makes you vulnerable to cold.
   It makes you less stealthy.
Wands
 n - a wand of digging (40)
 v - a wand of clouds (14)
 L - a wand of scattershot (3)
 Q - a wand of iceblast (56)
 W - a wand of acid (40)
Scrolls
 c - 38 scrolls of remove curse
 h - 7 scrolls of blinking
 m - 31 scrolls of teleportation
 r - 2 scrolls of holy word
 s - 11 scrolls of fear
 x - 6 scrolls of immolation
 I - 20 scrolls of identify
 K - 5 scrolls of magic mapping
 M - 5 scrolls of summoning
 U - 3 scrolls of silence
 Y - 10 scrolls of fog
 Z - 4 scrolls of enchant weapon
Potions
 a - 4 potions of magic
 l - 14 potions of brilliance
 o - 8 potions of might
 q - 5 potions of flight
 B - 10 potions of berserk rage
 C - 14 potions of cancellation
 E - 3 potions of invisibility
 G - 16 potions of curing
 J - 8 potions of agility
 N - 15 potions of heal wounds
 R - 4 potions of resistance
 T - 9 potions of haste
 V - 7 potions of lignification
Books
 j - a manual of Shields
 X - a manual of Air Magic
Miscellaneous
 p - 5 phantom mirrors
Comestibles
 f - 102 rations


   Skills:
 O Level 27 Fighting
 + Level 24.7 Axes
 - Level 1.7 Throwing
 - Level 25.5 Armour
 - Level 21.0 Dodging
 - Level 15.0 Shields
 + Level 23.3 Spellcasting
 - Level 5.6 Charms
 - Level 11.7 Summonings
 - Level 20.2 Necromancy
 - Level 5.0 Translocations
 - Level 17.0 Transmutations
 + Level 19.1 Earth Magic
   Level 10.0 Invocations


You had 8 spell levels left.
You knew the following spells:

 Your Spells              Type           Power        Failure   Level  Hunger
a - Regeneration          Chrm/Necr      ######....   1%          3    None
b - Song of Slaying       Chrm           #####...     1%          2    None
c - Statue Form           Tmut/Erth      ######...    1%          6    ##.....
d - Borgnjor's Vile Clut  Necr/Erth      ######....   0%          5    None
e - Aura of Abjuration    Summ           ######....   1%          5    None
f - Animate Dead          Necr           N/A          0%          4    None
g - Shadow Creatures      Summ           N/A          1%          6    ##.....
h - Necromutation         Tmut/Necr      ######....   4%          8    ######.
i - Infestation           Necr           ######....   1%          8    ######.
j - Yara's Violent Unrav  Hex/Tmut       #####.....   1%          5    None
k - Passage of Golubria   Tloc           N/A          1%          4    None
l - Borgnjor's Revivific  Necr           ######....   1%          8    ######.

Your spell library contained the following spells:

 Spells                   Type           Power        Failure   Level  Hunger
 Animate Skeleton         Necr           N/A          0%          1    None
 Beastly Appendage        Tmut           ######       0%          1    None
 Pain                     Necr           ####         0%          1    None
 Sandblast                Erth           ######       0%          1    None
 Summon Butterflies       Summ           ######..     0%          1    None
 Summon Small Mammal      Summ           ####         0%          1    None
 Call Imp                 Summ           ######..     0%          2    None
 Corpse Rot               Necr           N/A          0%          2    None
 Passwall                 Tmut/Erth      ######..     0%          2    None
 Sticks to Snakes         Tmut           ######..     0%          2    None
 Sublimation of Blood     Necr           ######....   0%          2    None
 Vampiric Draining        Necr           ######....   0%          3    None
 Petrify                  Tmut/Erth      ######..     0%          4    None
 Agony                    Necr           ######..     0%          5    None
 Dispel Undead            Necr           ######..     0%          5    None
 Lee's Rapid Deconstruct  Erth           ######....   0%          5    None
 Apportation              Tloc           #####.       1%          1    None
 Confusing Touch          Hex            ###...       1%          1    None
 Corona                   Hex            ###....      1%          1    None
 Flame Tongue             Conj/Fire      ###..        1%          1    None
 Freeze                   Ice            ###.         1%          1    None
 Infusion                 Chrm           ####         1%          1    None
 Magic Dart               Conj           ###.         1%          1    None
 Shock                    Conj/Air       ###.         1%          1    None
 Sting                    Conj/Pois      ###.         1%          1    None
 Blink                    Tloc           N/A          1%          2    None
 Ensorcelled Hibernation  Hex/Ice        ###...       1%          2    None
 Poisonous Vapours        Pois/Air       ###...       1%          2    None
 Searing Ray              Conj           ###...       1%          2    None
 Shroud of Golubria       Chrm/Tloc      #####.....   1%          2    None
 Slow                     Hex            ###.....     1%          2    None
 Swiftness                Chrm/Air       ####....     1%          2    None
 Throw Flame              Conj/Fire      ###...       1%          2    None
 Throw Frost              Conj/Ice       ###...       1%          2    None
 Call Canine Familiar     Summ           ######..     1%          3    None
 Gell's Gravitas          Tloc           #####.....   1%          3    None
 Ignite Poison            Fire/Tmut/Pois #####...     1%          3    None
 Lesser Beckoning         Tloc           #####.....   1%          3    None
 Ozocubu's Armour         Chrm/Ice       ####....     1%          3    None
 Portal Projectile        Hex/Tloc       ####..       1%          3    None
 Recall                   Summ/Tloc      N/A          1%          3    None
 Spectral Weapon          Hex/Chrm       ####....     1%          3    None
 Spider Form              Tmut/Pois      #####.....   1%          3    None
 Stone Arrow              Conj/Erth      #####.       1%          3    None
 Summon Guardian Golem    Hex/Summ       #####...     1%          3    None
 Teleport Other           Tloc           #####...     1%          3    None
 Ice Form                 Ice/Tmut       #####...     1%          4    None
 Leda's Liquefaction      Hex/Erth       #####.....   1%          4    None
 Summon Ice Beast         Ice/Summ       #####...     1%          4    None
 Summon Lightning Spire   Summ/Air       #####...     1%          4    None
 Alistair's Intoxication  Tmut/Pois      #####...     1%          5    None
 Blade Hands              Tmut           ######....   1%          5    None
 Bolt of Draining         Conj/Necr      ######....   1%          5    None
 Excruciating Wounds      Chrm/Necr      ######....   1%          5    None
 Irradiate                Conj/Tmut      #####.....   1%          5    None
 Summon Demon             Summ           ######....   1%          5    None
 Summon Forest            Summ/Tloc      #####.....   1%          5    None
 Death Channel            Necr           ######....   1%          6    ##.....
 Hydra Form               Tmut           ######....   1%          6    ##.....
 Dragon Form              Tmut           ######....   1%          7    #####..
 Haunt                    Necr/Summ      ######....   1%          7    #####..
 Bolt of Magma            Conj/Fire/Erth #####.....   2%          5    None
 Summon Mana Viper        Hex/Summ       #####...     2%          5    None
 Simulacrum               Ice/Necr       ######....   2%          6    ##.....
 Confuse                  Hex            ###.....     3%          3    None
 Conjure Flame            Conj/Fire      ###.....     3%          3    None
 Dazzling Spray           Conj/Hex       ###...       3%          3    None
 Inner Flame              Hex/Fire       ###.....     3%          3    None
 Mephitic Cloud           Conj/Pois/Air  ###.....     3%          3    None
 Static Discharge         Conj/Air       ###.....     3%          3    None
 Tukima's Dance           Hex            ###.....     3%          3    None
 Iron Shot                Conj/Erth      #####.....   3%          6    ##.....
 Force Lance              Conj/Tloc      ####....     4%          4    None
 Summon Greater Demon     Summ           ######....   9%          7    #####..
 Summon Hydra             Summ           ######....   9%          7    #####..
 Iskenderun's Battlesphe  Conj/Chrm      ####....     11%         5    None
 Airstrike                Air            ###.......   12%         4    None
 Cause Fear               Hex            ###.......   12%         4    None
 Fulminant Prism          Conj/Hex       ###.......   12%         4    None
 Iskenderun's Mystic Bla  Conj           ###.....     12%         4    None
 Sticky Flame             Conj/Fire      ###.....     12%         4    None
 Throw Icicle             Conj/Ice       ###.....     12%         4    None
 Dispersal                Tloc           #####.....   24%         6    ##.....
 Fireball                 Conj/Fire      ###.......   32%         5    None
 Lightning Bolt           Conj/Air       ###.......   32%         5    None
 Metabolic Englaciation   Hex/Ice        ###.......   32%         5    None
 Silence                  Hex/Air        ###.......   32%         5    None
 Venom Bolt               Conj/Pois      ###.......   32%         5    None
 Death's Door             Chrm/Necr      ######....   38%         8    ######.
 Deflect Missiles         Chrm/Air       ####......   50%         6    ##.....
 Summon Horrible Things   Summ           ######....   52%         8    ######.
 Spellforged Servitor     Conj/Summ      #####.....   65%         7    #####..
 Lehudib's Crystal Spear  Conj/Erth      #####.....   83%         8    ######.
 Bolt of Cold             Conj/Ice       ###.......   87%         6    ##.....
 Bolt of Fire             Conj/Fire      ###.......   87%         6    ##.....
 Conjure Ball Lightning   Conj/Air       ###.......   87%         6    ##.....
 Freezing Cloud           Conj/Ice/Air   ###.......   87%         6    ##.....
 Invisibility             Hex            ###.....     87%         6    ##.....
 Poison Arrow             Conj/Pois      ###.......   87%         6    ##.....
 Ring of Flames           Chrm/Fire      ####......   96%         7    #####..
 Orb of Destruction       Conj           ###.......   100%        7    #####..
 Chain Lightning          Conj/Air       ###.......   100%        8    ######.
 Controlled Blink         Tloc           N/A          100%        8    ######.
 Disjunction              Tloc           #####.....   100%        8    ######.
 Ignition                 Fire           ###.......   100%        8    ######.
 Shatter                  Erth           ######....   43%         9    #######
 Fire Storm               Conj/Fire      ###.......   100%        9    #######
 Glaciate                 Conj/Ice       ###.......   100%        9    #######
 Tornado                  Air            ###.......   100%        9    #######


Dungeon Overview and Level Annotations

Branches:
Dungeon (15/15)            Temple (0/1) D:4            Lair (6/6) D:10
 Shoals (4/4) Lair:2       Spider (4/4) Lair:4        Slime (5/5) Lair:6
    Orc (2/2) D:9             Elf (3/3) Orc:2        Vaults (5/5) D:13
  Crypt (3/3) Vaults:2       Tomb (0/3) Crypt:3      Depths (5/5) D:15
   Hell (1/1)                 Dis (0/7) Hell            Geh (2/7) Hell
    Coc (7/7) Hell            Tar (7/7) Hell            Zot (5/5) Depths:5

Altars:
Cheibriados
Dithmenos
Hepliaklqana
Kikubaaqudgha
Okawaru
Sif Muna
Trog
Vehumet
Xom
Yredelemnul
Jiyva

Shops:
D:5 =   D:7 *   D:9 (   D:11 :?*(   D:15 *   Orc:2 [[*(:   Elf:2 [   Vaults:1 (
Vaults:2 *   Vaults:4 :   Depths:1 ?   Depths:2 [}   Depths:3 **

Portals:
Hell: Depths:1 Depths:2 Depths:3 Depths:4 Depths:5
Abyss: Depths:1 Depths:4
Pandemonium: Depths:3 Depths:5

Annotations:
Zot:4 2 transporters, Nib's ghost, legendary CeHu


Innate Abilities, Weirdness & Mutations

You cannot wear boots.
Your serpentine skin is tough. (AC +9)
You have supernaturally acute eyesight. (SInv)
Armour fits poorly on your strangely shaped body.
Your system is resistant to poisons. (rPois)
You cover ground very slowly.
You have a slow metabolism.
You can exhale a cloud of poison.
You can use your snake-like lower body to constrict enemies.
You tend to lose your temper in combat.
You are very clumsy. (Dex -4)
Your body sometimes deteriorates upon taking damage.
You are very dopey. (Int -4)
You are frail. (-10% HP)
Your magical capacity is very low. (-20% MP)
You sometimes yell uncontrollably at your foes.
You do not regenerate when monsters are visible.
You are occasionally teleported next to monsters.
Potions are less effective at restoring your health.
Your spells are a little easier to cast, but a little less powerful.


Message History

Kikubaaqudgha accepts your kill.
No target in view!
A white imp comes into view.
The white imp gestures at you. The puff of frost hits you!
The white imp completely misses you. You block the white imp's attack.
You slice the white imp!! You burn the white imp!
You kill the white imp!
Kikubaaqudgha accepts your kill.
No target in view!
You see here a club.
You see here a stone.
HP restored.
You see here 2 stones.
You see here a stone.
There is a large open door here.
A neqoxec comes into view.
There is a staircase leading out of the dungeon here.
The neqoxec shouts!
You have escaped!

###### ##....##
###.####.# #.'####8.#
#.'#...#.# #.#..@.#.#
#.##...#.#
############.####.#.#
...)..(..((..# ##3.#
.############# ####
.# .# .# .#


You could see a neqoxec.

Vanquished Creatures
  Cerebov (Pan)
  the Royal Jelly (Slime:5)
  Ereshkigal (Tar:7)
  Gloorx Vloq (Pan)
  Mnoleg (Pan)
  A seraph (Pan)
  Lom Lobon (Pan)
  2 orbs of fire (Zot:5)
  12 ancient liches
  The ghost of namelastname112 the Party-goer, a veteran DrWn of Uskayaw (Crypt:1)
  The ghost of vogonpoet the Omniscient, a veteran GnWn of Ashenzari (Vaults:4)
  5 shard shrikes
  Sojobo (D:15)
  Saint Roka (Vaults:3)
  4 Killer Klowns
  Geryon (Hell)
  A caustic shrike (Depths:4)
  The ghost of Jufi the Tortoise, a veteran HuFi of Hepliaklqana (Vaults:4)
  A pearl dragon (Pan)
  Jory (Vaults:3)
  11 golden dragons
  4 profane servitors
  10 pandemonium lords
  21 bone dragons
  3 electric golems
  An iron giant (Zig:6)
  5 Brimstone Fiends
  Arachne (Spider:2)
  43 Tzitzimimeh
  10 doom hounds
  A hellephant (Abyss:5)
  36 tentacled monstrosities
  15 Ice Fiends
  Jorgrun (Spider:1)
  8 Hell Sentinels (Pan)
  29 Orb Guardians
  12 liches
  12 quicksilver dragons
  9 deep elf blademasters
  The ghost of Erid the Champion of Chaos, an adept DDFi of Makhleb (Vaults:4)
  17 titans
  4 ancient champions
  3 deep elf master archers
  3 krakens
  18 acid blobs
  A storm dragon (shapeshifter) (Vaults:5)
  42 tentacled starspawn
  2 eldritch tentacles
  7 sphinxes
  5 death cobs
  17 Executioners
  13 shadow dragons
  2 thorn hunters (Abyss:4)
  The ghost of Velros the Bludgeoner, a journeyman OgFi of Wu Jian (Lair:4)
  6 tengu reavers
  5 revenants
  16 storm dragons
  8 azure jellies
  19 fire giants
  9 daevas
  12 draconian monks
  9 deep elf sorcerers
  8 draconian knights
  15 vault wardens
  Louise (Depths:4)
  2 orc warlords (Orc:2)
  8 ghost moths
  An iron dragon (Vaults:5)
  6 emperor scorpions
  12 draconian scorchers
  3 draconian shifters
  4 warmongers (Pan)
  23 cacodemons
  24 balrugs
  3 curse skulls
  8 deep elf elementalists
  The ghost of Idameato the Severer, a journeyman MiFi of Okawaru (Shoals:4)
  32 frost giants
  24 angels
  A ghoul (Crypt:1)
  A spriggan defender (Depths:4)
  22 ironheart preservers
  11 draconian annihilators
  6 draconian stormcallers
  4 elemental wellsprings
  33 stone giants
  47 reapers
  6 war gargoyles
  7 ophanim (Pan)
  23 vampire knights
  8 blood saints (Pan)
  9 entropy weavers
  9 apis (Pan)
  37 very ugly things
  4 black suns (Pan)
  12 lorocyprocas
  12 black draconians
  12 yellow draconians
  8 white draconians
  15 green draconians
  2 dire elephants
  42 purple draconians
  8 deep elf annihilators (Elf:3)
  A minotaur (Lab)
  11 spark wasps
  14 red draconians
  9 corrupters (Pan)
  8 deep elf demonologists
  9 statues (WizLab)
  Snorg (Lair:6)
  3 crystal guardians (Crypt:3)
  8 eidola
  5 deep elf death magi
  5 merfolk javelineers
  26 blizzard demons
  16 ettins
  11 jiangshi
  17 green deaths
  A quicksilver dragon zombie (Abyss:3)
  9 fire dragons
  9 death oozes (Slime:5)
  2 kraken zombies (Hell)
  8 merfolk impalers
  8 deep elf high priests
  15 rakshasas
  16 yaktaur captains
  24 great orbs of eyes
  A quicksilver dragon skeleton (Tar:5)
  25 ice dragons
  5 hydras
  3 catoblepae
  A shambling mangrove (Abyss:1)
  5 ghost crabs
  6 monstrous demonspawn (Pan)
  31 vault guards
  Harold (D:8)
  An anaconda (shapeshifter) (Vaults:5)
  12 spriggan air magi
  3 hell beasts (Pan)
  A naga warrior (Abyss:1)
  An alligator snapping turtle (Shoals:2)
  Erica (D:8)
  6 merfolk avatars
  5 centaur warriors
  45 two-headed ogres
  3 death knights
  An anaconda (Zig:7)
  18 ogre magi
  6 merfolk aquamancers
  2 satyrs
  32 dancing weapons
  13 deep troll earth magi
  A death yak (Lair:4)
  13 vampire magi
  19 hell hogs
  12 deep troll shamans
  2 titan zombies
  63 thrashing horrors
  8 spriggan berserkers
  2 iron golems (Hell)
  2 storm dragon zombies
  47 soul eaters
  34 deep elf knights
  64 sun demons
  28 wretched stars
  150 large abominations
  4 orc high priests (Orc:2)
  38 hell knights
  88 skeletal warriors
  4 iron trolls
  37 sixfirhies
  14 shadow wraiths
  A storm dragon skeleton (Geh:2)
  3 titan skeletons
  12 spatial maelstroms
  3 death drakes
  A fire crab (shapeshifter) (Vaults:1)
  A spark wasp zombie (Depths:1)
  3 kraken simulacra (Coc:7)
  5 anaconda zombies
  22 shadow demons
  3 golden dragon zombies
  6 cherubim (Pan)
  10 unseen horrors
  16 glowing orange brains
  7 torturous demonspawn (Pan)
  13 wizards
  2 unseen horrors (shapeshifter)
  10 sea snakes
  6 infernal demonspawn (Pan)
  16 deep elf archers
  7 gelid demonspawn (Pan)
  6 flayed ghosts
  49 deep trolls
  24 phantasmal warriors
  2 tengu zombies
  An iron giant skeleton (Crypt:2)
  2 shadow dragon zombies
  A harpy (shapeshifter) (Elf:3)
  A lindwurm (shapeshifter) (Vaults:5)
  6 anaconda skeletons
  16 necromancers
  Pikel (D:9)
  12 ironbrand convokers
  13 orc knights
  A shadow dragon skeleton (Tar:3)
  A mana viper (shapeshifter) (Depths:2)
  3 golden dragon skeletons
  14 orb spiders
  2 wolf spiders (shapeshifter)
  2 mana vipers (Zig:7)
  88 deep elf magi
  30 harpies
  14 shining eyes
  A spectral ettin (Tar:3)
  8 frost giant zombies
  44 ugly things
  6 orc sorcerers
  5 wolf spider zombies
  2 fire giant zombies (Tar:7)
  6 iron dragon skeletons
  9 fauns
  18 worldbinders
  33 wolf spiders
  12 manticores
  A moth of wrath (shapeshifter) (Abyss:3)
  2 salamanders (Depths:1)
  5 cyclopes
  24 moths of wrath
  4 stone giant zombies
  An elephant (shapeshifter) (Depths:2)
  2 stone giant skeletons
  Joseph (D:9)
  5 black mambas
  14 elephants
  5 frost giant skeletons
  A guardian serpent (shapeshifter) (Vaults:2)
  11 rust devils
  2 naga magi
  13 water nymphs
  8 merfolk sirens
  19 vault sentinels
  3 dire elephant zombies
  4 titan simulacra (Coc:7)
  4 torpor snails
  8 apocalypse crabs
  2 guardian serpents
  2 ice statues (Hell)
  2 human skeletons
  A molten gargoyle (Hell)
  3 gargoyles (Volcano)
  5 eyes of devastation
  4 fire giant skeletons
  4 storm dragon simulacra (Coc:7)
  A dire elephant skeleton (Coc:1)
  7 spiny frogs
  77 smoke demons
  30 orange demons
  23 hellions
  A rime drake (Lair:6)
  A catoblepas zombie (Tar:7)
  8 efreet
  9 komodo dragons
  A kobold demonologist (Abyss:3)
  An emperor scorpion zombie (Coc:4)
  26 freezing wraiths
  3 spectral merfolk (Shoals:4)
  32 tormentors
  2 guardian mummies (Depths:1)
  52 yaktaurs
  17 hellwings
  3 anaconda simulacra (Coc:7)
  32 demonic crawlers
  2 catoblepas skeletons
  A yaktaur (shapeshifter) (Abyss:3)
  38 ice devils
  A minotaur skeleton (Coc:7)
  29 ancient zymes
  4 silent spectres
  18 red devils
  3 tengu conjurers
  A spectral harpy (Shoals:4)
  11 trolls
  2 harpy zombies
  A golden dragon simulacrum (Abyss:4)
  9 hydra zombies
  11 polar bears
  8 wind drakes
  A yaktaur skeleton (Vaults:4)
  30 merfolk
  A shadow dragon simulacrum (Abyss:4)
  37 jumping spiders
  2 meliai (shapeshifter)
  14 hornets
  A tyrant leech (Abyss:1)
  115 slime creatures
  2 blink frogs (shapeshifter)
  A spectral manticore (Shoals:4)
  5 bog bodies
  A spriggan zombie (Depths:1)
  6 harpy skeletons
  100 raiju
  5 hydra skeletons
  A wolf spider simulacrum (Vaults:1)
  A hippogriff (shapeshifter) (Abyss:1)
  4 blink frogs (Lair:5)
  5 ettin zombies
  18 dream sheep
  15 hippogriffs
  A frost giant simulacrum (Abyss:1)
  A raiju (shapeshifter) (Vaults:2)
  5 fire dragon zombies
  6 snapping turtles
  2 human simulacra
  An ice dragon skeleton (Tar:3)
  2 ice dragon zombies
  104 small abominations
  5 alligator zombies
  90 redbacks
  107 flying skulls
  29 shadows
  187 starcursed masses
  17 wraiths
  17 spriggans
  2 air elementals
  2 ettin skeletons
  A stone giant simulacrum (Coc:7)
  27 tarantellas
  3 vampires
  4 alligator skeletons
  4 basilisks
  A fire dragon skeleton (Tar:4)
  2 spriggans (shapeshifter)
  38 water elementals
  8 wyverns
  48 ynoxinuls
  2 black mamba skeletons
  6 fire bats
  25 yaks
  A wind drake skeleton (Crypt:1)
  10 fire elementals
  A basilisk (shapeshifter) (Elf:1)
  3 hungry ghosts
  30 golden eyes
  A hog (shapeshifter) (Vaults:3)
  45 chaos spawn
  A steam dragon (D:9)
  3 nagas (Abyss:1)
  26 neqoxecs
  A naga (shapeshifter) (Abyss:3)
  11 spatial vortices
  3 acid dragons
  6 hydra simulacra
  4 insubstantial wisps (Abyss:5)
  8 spiny frog zombies
  9 wargs
  9 porcupines
  A soldier ant (D:13)
  4 floating eyes
  A water nymph skeleton (Crypt:2)
  Duvessa (D:5)
  28 hell hounds
  11 water moccasins
  A merfolk skeleton (Coc:1)
  14 ice beasts
  47 orc warriors
  5 black bears
  10 spiny frog skeletons
  2 alligator simulacra (Coc:4)
  3 phantoms
  6 sky beasts
  2 snapping turtle zombies
  18 eyes of draining
  3 manticore zombies
  A swamp dragon zombie (Crypt:3)
  50 wolves
  49 ogres
  20 necrophages
  17 boggarts
  2 swamp dragon skeletons
  15 centaurs
  2 manticore skeletons
  An elf skeleton (Vaults:3)
  3 snapping turtle skeletons
  14 crocodiles
  3 elf zombies
  A big kobold (D:14)
  25 bullfrogs
  An earth elemental (Abyss:3)
  A wyvern zombie (D:15)
  3 gnoll sergeants
  A glowing shapeshifter simulacrum (Vaults:3)
  A water nymph simulacrum (Shoals:4)
  2 merfolk simulacra (Shoals:4)
  Dowan (D:5)
  5 scorpions
  2 wyvern skeletons
  A troll zombie (Crypt:3)
  14 killer bees
  A yak zombie (Crypt:2)
  An elf simulacrum (Vaults:2)
  A raiju skeleton (Crypt:1)
  A snapping turtle simulacrum (Shoals:4)
  3 troll skeletons
  69 wights
  2 howler monkeys
  3 electric eels
  4 lava snakes (Lab)
  3 centaur zombies
  14 crimson imps
  3 bullfrog zombies
  2 hounds
  12 quasits
  A human zombie (Tar:1)
  21 orc wizards
  2 bullfrog skeletons (D:12)
  24 orc priests
  9 centaur skeletons
  6 jellies
  6 iron imps
  A demonspawn zombie (Crypt:1)
  A basilisk skeleton (Crypt:2)
  A black bear skeleton (Crypt:1)
  4 iguanas
  17 worker ants
  Natasha (thrice) (D:3)
  A killer bee zombie (D:7)
  A felid zombie (Crypt:1)
  A naga skeleton (Volcano)
  An ogre skeleton (Coc:7)
  A hound skeleton (D:9)
  A worker ant zombie (D:8)
  14 gnolls
  15 adders
  23 shadow imps
  24 white imps
  7 ufetubi
  2 oozes
  An adder zombie (D:6)
  A halfling skeleton (Crypt:2)
  7 worms
  2 dart slugs (D:1)
  11 leopard geckos
  108 orcs
  10 giant cockroaches
  A gnoll zombie (Crypt:2)
  9 goblins
  9 hobgoblins
  6 jackals
  8 quokkas
  A ball python (D:3)
  A ball python skeleton (D:6)
  13 bats
  3 frilled lizards
  A frilled lizard zombie (Crypt:2)
  A gnoll skeleton (Crypt:1)
  A jackal skeleton (D:6)
  10 kobolds
  An orc skeleton (Coc:7)
  A quokka zombie (D:7)
  25 rats
  2 blocks of ice (Pan)
  5 crawling corpses
  3 fungi
  A lost soul (Tar:3)
  2 lurking horrors
  10 plants
  54 starspawn tentacles
  13 tentacles
5607 creatures vanquished.

Vanquished Creatures (collateral kills)
  Antaeus (Coc:7)
  An ancient lich (Tar:6)
  A pandemonium lord (Pan)
  4 bone dragons
  6 doom hounds
  7 Tzitzimimeh
  A lich (Pan)
  2 Hell Sentinels (Pan)
  2 deep elf blademasters
  4 Ice Fiends (Coc:7)
  2 titans
  8 Executioners (Pan)
  2 eldritch tentacles
  4 shadow dragons
  6 daevas (Pan)
  A blood saint (Pan)
  A frost giant (Zig:6)
  7 cacodemons (Pan)
  5 balrugs (Pan)
  A ghoul (Zig:10)
  3 warmongers (Pan)
  13 reapers
  5 angels (Pan)
  A corrupter (Pan)
  A stone giant (Zig:6)
  3 apis (Pan)
  4 ophanim (Pan)
  10 blizzard demons
  2 green deaths (Pan)
  2 deep elf high priests (Zig:9)
  3 ice dragons (Coc:7)
  3 rakshasas
  2 quicksilver dragon skeletons
  2 dancing weapons (Zig:9)
  A thrashing horror (Zig:8)
  A titan zombie (Coc:7)
  A vampire mage (Tar:6)
  A shock serpent (Zig:7)
  4 soul eaters
  2 naga sharpshooters (Zig:7)
  9 sun demons
  A deep elf knight (Zig:9)
  7 shadow wraiths
  4 sixfirhies (Pan)
  A storm dragon skeleton (Tar:6)
  14 hell knights
  2 golden dragon zombies (Coc:7)
  9 shadow demons
  40 skeletal warriors
  A flayed ghost (Tar:3)
  2 deep elf archers (Zig:9)
  5 cherubim (Pan)
  2 gelid demonspawn (Pan)
  4 torturous demonspawn (Pan)
  A death drake (Tar:5)
  An infernal demonspawn (Pan)
  An anaconda skeleton (Tar:3)
  A shadow dragon zombie (Tar:6)
  A golden dragon skeleton (Tar:7)
  6 phantasmal warriors
  A deep elf mage (Zig:9)
  2 necromancers (Tar:3)
  7 oklob plants (Zig:9)
  2 fire giant zombies (Tar:7)
  2 stone giant skeletons
  2 shadow dragon skeletons
  A spectral ettin (Tar:3)
  A shock serpent zombie (Tar:7)
  A fire giant skeleton (Geh:1)
  A dire elephant zombie (Tar:5)
  2 black mambas (Zig:7)
  A guardian serpent (Zig:7)
  16 smoke demons
  A storm dragon simulacrum (Coc:7)
  A torpor snail (Zig:2)
  2 eyes of devastation (Pan)
  8 orange demons
  4 hellions
  4 demonic crawlers (Pan)
  5 freezing wraiths
  A minotaur zombie (Geh:2)
  A yaktaur (shapeshifter) (Zig:9)
  10 tormentors
  5 anaconda simulacra
  7 ice devils
  4 hydra zombies
  16 red devils
  An ettin zombie (Tar:7)
  An ice dragon zombie (Tar:4)
  3 bog bodies (Coc:7)
  A raiju (Zig:8)
  A fire dragon skeleton (Tar:7)
  An alligator zombie (Coc:1)
  An air elemental (Zig:9)
  6 shadows
  20 large abominations
  7 ynoxinuls
  2 ettin skeletons (Tar:3)
  12 flying skulls
  4 wraiths
  2 ice dragon skeletons
  A water elemental (Zig:9)
  A golden eye (Pan)
  A hungry ghost (Tar:3)
  12 neqoxecs
  2 chaos spawn (Pan)
  A spiny frog zombie (Tar:4)
  4 floating eyes (Pan)
  18 hell hounds
  2 hydra simulacra (Coc:7)
  4 necrophages
  4 phantoms
  2 eyes of draining
  A snapping turtle skeleton (Tar:3)
  A swamp dragon skeleton (Coc:7)
  20 wights
  A crimson imp (Geh:1)
  4 starcursed masses (Zig:8)
  A centaur skeleton (Coc:7)
  A tengu skeleton (Tar:7)
  4 shadow imps
  7 white imps
  7 ball lightnings (Pan)
  A block of ice (Pan)
  2 plants (Zig:9)
514 creatures vanquished.

Vanquished Creatures (others)
  A golden dragon (Zot:4)
  6 deep elf master archers
  2 eldritch tentacles
  3 frost giants
  A draconian scorcher (Zot:1)
  A balrug (Pan)
  A red draconian (D:13)
  2 green deaths
  2 yaktaur captains
  3 rakshasas
  2 two-headed ogres
  3 hell hogs (Abyss:1)
  A naga sharpshooter (Zig:7)
  Sonja (Lair:3)
  A deep elf knight (Vaults:3)
  A soul eater (Pan)
  A wretched star (Abyss:1)
  A storm dragon zombie (Depths:1)
  A cherub (Pan)
  A shadow demon (Pan)
  A deep elf archer (Pan)
  A deep elf mage (Abyss:3)
  A wizard (Depths:1)
  A phantasmal warrior (Crypt:1)
  A faun (Shoals:3)
  A cyclops (D:15)
  A moth of wrath (Zot:5)
  2 smoke demons (Pan)
  6 yaktaurs
  A hellwing (Pan)
  A slime creature (Slime:3)
  A water elemental (Zig:9)
  4 flying skulls
  2 ynoxinuls (Pan)
  A chaos spawn (Pan)
  A neqoxec (Pan)
  3 slaves (D:9)
  2 large abominations (Abyss:3)
  An orc warrior (Orc:2)
  A necrophage (D:9)
  2 small abominations
  2 centaurs (D:13)
  A wight (Crypt:1)
  A jelly (Abyss:2)
  An orc wizard (Orc:2)
  A shadow imp (Abyss:3)
  11 ball lightnings
  4 orcs
  2 giant cockroaches (Pan)
  3 blocks of ice (Pan)
  A bush (Abyss:1)
  3 fire vortices (Pan)
  2 fungi
  5 lurking horrors
  17 plants
  79 starspawn tentacles
  30 tentacles
  A withered plant (Vaults:4)
234 creatures vanquished.

Grand Total: 6355 creatures vanquished

Notes
Turn   | Place    | Note
-------+----------+-------------------------------------------
     0 | D:1      | TheNamelessOne the Naga Gladiator began the quest for the
                  | Orb.
     0 | D:1      | Reached XP level 1. HP: 19/19 MP: 1/1
   296 | D:1      | Reached XP level 2. HP: 24/26 MP: 2/2
   557 | D:1      | Reached XP level 3. HP: 22/32 MP: 3/3
  1078 | D:2      | Reached skill level 1 in Armour
  1080 | D:2      | Reached XP level 4. HP: 8/40 MP: 4/4
  1328 | D:2      | Found an iron altar of Okawaru.
  1364 | D:2      | Became a worshipper of Warmaster Okawaru
  1441 | D:2      | Found a hazy altar of Hepliaklqana.
  1869 | D:2      | Reached XP level 5. HP: 47/48 MP: 5/5
  1886 | D:2      | Found a deep blue altar of Sif Muna.
  2058 | D:3      | Noticed Natasha
  2154 | D:3      | Killed Natasha
  2193 | D:3      | Noticed Natasha
  2201 | D:3      | Killed Natasha
  2201 | D:3      | Reached skill level 3 in Fighting
  2377 | D:3      | Noticed Natasha
  2387 | D:3      | Killed Natasha
  3143 | D:3      | Reached XP level 6. HP: 28/56 MP: 6/6
  3341 | D:3      | Found a radiant altar of Vehumet.
  3674 | D:4      | Found a staircase to the Ecumenical Temple.
  3819 | D:4      | Reached skill level 5 in Axes
  4243 | D:4      | Reached skill level 1 in Shields
  4253 | D:4      | Reached XP level 7. HP: 14/63 MP: 7/7
  4509 | D:4      | Found a shadowy altar of Dithmenos.
  4790 | D:5      | Entered Level 5 of the Dungeon
  5033 | D:5      | Found Oraf's Jewellery Boutique.
  5124 | D:5      | Reached skill level 4 in Fighting
  5206 | D:5      | Noticed Duvessa
  5206 | D:5      | Noticed Dowan
  5228 | D:5      | Killed Duvessa
  5235 | D:5      | Killed Dowan
  5235 | D:5      | Reached * piety under Okawaru
  5235 | D:5      | Reached XP level 8. HP: 50/73 MP: 6/8
  5434 | D:5      | Bought a +3 amulet of reflection for 235 gold pieces
  5688 | D:6      | Got a smoking hat
  5699 | D:6      | Identified the +1 hat of Madwuo {MR++ Regen+ Str-5 SInv}
                  | (You found it on level 6 of the Dungeon)
  6394 | D:7      | Found Jajaka's Assorted Antiques.
  6397 | D:7      | Reached skill level 5 in Fighting
  6447 | D:7      | Reached ** piety under Okawaru
  6455 | D:7      | Reached XP level 9. HP: 43/81 MP: 9/9
  7069 | D:7      | Found an ancient bone altar of Kikubaaqudgha.
  7073 | D:7      | You fall through a shaft for 2 floors!
  7343 | D:8      | Noticed Erica
  7369 | D:8      | Killed Erica
  7369 | D:8      | Reached *** piety under Okawaru
  7369 | D:8      | Reached skill level 6 in Fighting
  7793 | D:8      | Noticed Harold
  7815 | D:8      | Killed Harold
  7815 | D:8      | Reached **** piety under Okawaru
  7815 | D:8      | Reached skill level 5 in Armour
  7815 | D:8      | Reached XP level 10. HP: 35/92 MP: 7/10
  7986 | D:7      | Bought a glowing broad axe for 161 gold pieces
  8182 | D:7      | Found a bloodstained altar of Trog.
  8407 | D:8      | Reached skill level 1 in Invocations
  8441 | D:8      | Reached ***** piety under Okawaru
  8441 | D:8      | Reached skill level 10 in Axes
  8441 | D:8      | Reached skill level 7 in Fighting
  8449 | D:8      | Reached skill level 5 in Shields
  8803 | D:9      | Noticed Pikel
  8809 | D:9      | Killed Pikel
  8809 | D:9      | Received a gift from Okawaru
  8842 | D:9      | Found a staircase to the Orcish Mines.
  9169 | D:9      | Found Soeh's Weapon Boutique.
  9190 | D:9      | Reached XP level 11. HP: 93/100 MP: 13/13
  9351 | D:9      | Noticed a cyan ugly thing
  9359 | D:9      | Killed a cyan ugly thing
  9504 | D:9      | Noticed Joseph
  9516 | D:9      | Killed Joseph
  9684 | D:9      | Noticed a skeletal warrior
  9696 | D:9      | Killed a skeletal warrior
  9696 | D:9      | Reached skill level 8 in Fighting
  9710 | D:9      | Got a warped steel ring
  9712 | D:9      | Identified the ring of the Messenger {*Tele rElec rPois
                  | Int+5 Stlth+} (You took it off an efreet on level 9 of the
                  | Dungeon)
  9754 | D:9      | Noticed a centaur warrior
  9761 | D:9      | Killed a centaur warrior
  9766 | D:9      | Got a vibrating lapis lazuli ring
  9768 | D:9      | Identified the ring of Reimbursement {Ice rElec rPois Dex+3
                  | SInv} (You took it off a centaur warrior on level 9 of the
                  | Dungeon)
  9781 | D:9      | Got a scorched jade ring
  9783 | D:9      | Identified the ring "Ysibajum" {Int+9 Dex+2} (You found it
                  | on level 9 of the Dungeon)
  9794 | D:9      | Got a translucent silver ring
  9796 | D:9      | Identified the ring "Igyral" {+Fly rPois rN+} (You found it
                  | on level 9 of the Dungeon)
 10127 | D:9      | Found a snail-covered altar of Cheibriados.
 10272 | D:10     | Entered Level 10 of the Dungeon
 10621 | D:10     | Found a staircase to the Lair.
 10876 | D:10     | Received a gift from Okawaru
 10910 | D:10     | Noticed a two-headed ogre
 10921 | D:10     | Killed a two-headed ogre
 10921 | D:10     | Reached skill level 5 in Invocations
 11361 | D:11     | Found Joej's General Store.
 11366 | D:11     | Found Cate's Antique Weapon Emporium.
 11437 | D:11     | Found Vickam's Magic Scroll Shop.
 11443 | D:11     | Noticed a green ugly thing
 11450 | D:11     | Killed a green ugly thing
 11450 | D:11     | Reached XP level 12. HP: 112/112 MP: 15/15
 11468 | D:11     | Bought a scroll of enchant armour for 112 gold pieces
 11572 | D:7      | Bought a scroll labeled ZEXAWUUCVAL for 23 gold pieces
 11572 | D:7      | Bought a glowing orange potion for 20 gold pieces
 11572 | D:7      | Bought a scroll labeled HOOTY BEPE for 23 gold pieces
 11572 | D:7      | Bought a scroll labeled AFUVVI DEPEWN for 23 gold pieces
 11608 | Orc:1    | Entered Level 1 of the Orcish Mines
 11711 | D:12     | Noticed a two-headed ogre
 11812 | D:11     | Found Piosk's Book Boutique.
 12110 | D:12     | Noticed a two-headed ogre
 12114 | D:12     | Killed a two-headed ogre
 12114 | D:12     | Received a gift from Okawaru
 12114 | D:12     | Reached skill level 9 in Fighting
 12122 | D:12     | Killed a two-headed ogre
 12376 | D:12     | Reached ****** piety under Okawaru
 12837 | D:11     | Bought a scroll of blinking for 112 gold pieces
 12837 | D:11     | Bought a scroll of identify for 30 gold pieces
 12929 | Orc:1    | Noticed a stone giant
 12940 | Orc:1    | Killed a stone giant
 12940 | Orc:1    | Received a gift from Okawaru
 13170 | Orc:2    | Entered Level 2 of the Orcish Mines
 13170 | Orc:2    | Found a staircase to the Elven Halls.
 13219 | Orc:2    | Noticed an orc high priest
 13228 | Orc:2    | Noticed an orc high priest
 13232 | Orc:2    | Killed an orc high priest
 13232 | Orc:2    | Gained mutation: You can use your snake-like lower body to
                  | constrict enemies. [Naga growth]
 13232 | Orc:2    | Reached XP level 13. HP: 62/121 MP: 10/17
 13265 | Orc:2    | Noticed an orc warlord
 13493 | Orc:2    | Killed an orc warlord
 13552 | Orc:2    | Found Louro's Antique Armour Boutique.
 13569 | Orc:2    | Found a dark tunnel.
 13579 | Volcano  | Entered a volcano
 13698 | Volcano  | Reached skill level 10 in Fighting
 14120 | Orc:2    | Received a gift from Okawaru
 14151 | Orc:2    | Found Arhod's Antique Armour Shoppe.
 14152 | Orc:2    | Found Ygenuotu's Antique Weapon Shoppe.
 14153 | Orc:2    | Found Bupn's General Store.
 14153 | Orc:2    | Found Kygg's Book Emporium.
 14180 | Orc:2    | Bought a scroll of summoning for 133 gold pieces
 14611 | Orc:1    | Noticed an orc warlord
 14718 | Orc:2    | Killed an orc warlord
 14718 | Orc:2    | Received a gift from Okawaru
 14719 | Orc:2    | Found the +3 pair of gauntlets of War {Slay+5}
 14843 | Orc:2    | Bought a steaming chain mail for 285 gold pieces
 14853 | Orc:2    | Identified the +6 chain mail of Distant Shores {*Drain +Inv
                  | rF+} (You bought it in a shop on level 2 of the Orcish
                  | Mines)
 14956 | Lair:1   | Entered Level 1 of the Lair of Beasts
 15392 | Lair:1   | Reached XP level 14. HP: 133/133 MP: 20/20
 16466 | Lair:2   | Found a staircase to the Shoals.
 16943 | Lair:3   | Noticed Sonja
 16952 | Lair:3   | Received a gift from Okawaru
 16952 | Lair:3   | Killed Sonja
 17532 | Lair:4   | Found a runed door.
 17532 | Lair:4   | Noticed Velros's ghost (journeyman OgFi)
 17857 | Lair:4   | Killed Velros's ghost
 17857 | Lair:4   | Received a gift from Okawaru
 17991 | Lair:4   | Reached skill level 11 in Fighting
 18055 | Lair:4   | Reached skill level 15 in Axes
 18280 | Lair:4   | Found a hole to the Spider Nest.
 18754 | Lair:5   | Found a labyrinth entrance.
 18767 | Lab      | Entered a labyrinth
 19088 | Lab      | Reached skill level 10 in Armour
 19088 | Lab      | Reached XP level 15. HP: 141/141 MP: 22/22
 19133 | Lab      | Received a gift from Okawaru
 19449 | Lair:5   | Identified the Volume of the Escort
 19825 | Lair:6   | Entered Level 6 of the Lair of Beasts
 19847 | Lair:6   | Reached XP level 16. HP: 149/150 MP: 23/23
 19892 | Lair:6   | Noticed Snorg
 19898 | Lair:6   | Killed Snorg
 20218 | Lair:6   | Reached skill level 10 in Shields
 20235 | Lair:6   | Received a gift from Okawaru
 20508 | Lair:6   | Found a staircase to the Slime Pits.
 20582 | Lair:6   | Reached skill level 10 in Invocations
 21237 | D:13     | Found an ancient bone altar of Kikubaaqudgha.
 21796 | D:13     | Found a gate to the Vaults.
 22939 | D:15     | Entered Level 15 of the Dungeon
 22947 | D:15     | Reached skill level 12 in Fighting
 22993 | D:15     | Found Sifuz's Assorted Antiques.
 23001 | D:15     | Received a gift from Okawaru
 23035 | D:15     | Bought a scroll labeled IREID BECILAAK for 24 gold pieces
 23616 | D:15     | Found a staircase to the Depths.
 23627 | D:15     | Reached XP level 17. HP: 159/159 MP: 24/24
 23875 | Spider:1 | Entered Level 1 of the Spider Nest
 23885 | Spider:1 | Received a gift from Okawaru
 24490 | Spider:1 | Noticed Jorgrun
 24510 | Spider:1 | Killed Jorgrun
 24689 | Spider:1 | Received a gift from Okawaru
 25075 | Spider:2 | Noticed Arachne
 25618 | Spider:2 | Received a gift from Okawaru
 25639 | Spider:2 | Killed Arachne
 25752 | Spider:2 | Identified a scroll of acquirement
 25756 | Spider:2 | Got a pitted naga barding
 25767 | Spider:2 | Identified the +0 naga barding of Classification {Str+4
                  | Dex+3} (You acquired it on level 2 of the Spider Nest)
 26059 | Spider:3 | Reached skill level 13 in Fighting
 26392 | Spider:3 | Received a gift from Okawaru
 26499 | Spider:3 | Reached XP level 18. HP: 171/171 MP: 0/25
 26930 | Spider:4 | Entered Level 4 of the Spider Nest
 27311 | Spider:4 | Received a gift from Okawaru
 27411 | Spider:4 | Got a gossamer rune of Zot
 27549 | Spider:4 | Reached skill level 14 in Fighting
 27927 | Shoals:1 | Entered Level 1 of the Shoals
 29046 | Shoals:2 | Identified Roxanne's Handbook of the Mountains and
                  | Transmutation
 29211 | Shoals:2 | Reached XP level 19. HP: 183/183 MP: 26/26
 29584 | Shoals:3 | Received a gift from Okawaru
 30361 | Shoals:4 | Entered Level 4 of the Shoals
 30365 | Shoals:4 | Reached skill level 15 in Fighting
 30588 | Shoals:4 | Found a runed gate.
 30588 | Shoals:4 | Found a runed gate.
 30588 | Shoals:4 | Found a runed gate.
 30610 | Shoals:4 | Noticed Idameato's ghost (journeyman MiFi)
 30640 | Shoals:4 | Killed Idameato's ghost
 31069 | Shoals:4 | Got a barnacled rune of Zot
 31590 | Shoals:4 | Received a gift from Okawaru
 31829 | Vaults:1 | Entered Level 1 of the Vaults
 32008 | Vaults:1 | Reached XP level 20. HP: 196/196 MP: 27/27
 32134 | Vaults:1 | Reached skill level 16 in Fighting
 32397 | Vaults:1 | Found Dajeann's Antique Weapon Emporium.
 32773 | Vaults:2 | Received a gift from Okawaru
 33018 | Vaults:2 | Received a gift from Okawaru
 33083 | Vaults:2 | Found a staircase to the Crypt.
 33083 | Vaults:2 | Found an ancient bone altar of Kikubaaqudgha.
 33084 | Vaults:2 | Found a basalt altar of Yredelemnul.
 33156 | Vaults:2 | Received a gift from Okawaru
 33199 | Vaults:2 | Received a gift from Okawaru
 33223 | Vaults:2 | Got a faintly humming helmet {god gift}
 33234 | Vaults:2 | Identified the +0 helmet of Untold Secrets {rF+ rN+}
                  | (Okawaru gifted it to you on level 2 of the Vaults)
 33319 | Vaults:2 | Found Tusezeng's Assorted Antiques.
 33327 | Vaults:2 | Bought a potion of might for 168 gold pieces
 33327 | Vaults:2 | Bought a scroll of enchant armour for 315 gold pieces
 33990 | Vaults:3 | Noticed Jory
 34013 | Vaults:3 | Killed Jory
 34372 | Vaults:3 | Reached XP level 21. HP: 207/207 MP: 28/28
 34378 | Vaults:3 | Reached skill level 17 in Fighting
 34467 | Vaults:3 | Reached skill level 15 in Armour
 34583 | Vaults:3 | Reached skill level 15 in Shields
 34841 | Vaults:3 | Received a gift from Okawaru
 34902 | Vaults:3 | Noticed Saint Roka
 34923 | Vaults:3 | Killed Saint Roka
 35515 | Vaults:4 | Received a gift from Okawaru
 35531 | Vaults:4 | Reached skill level 18 in Fighting
 35713 | Vaults:4 | Found a runed gate.
 35713 | Vaults:4 | Found a runed gate.
 35714 | Vaults:4 | Found a runed gate.
 35841 | Vaults:4 | Found Giadiunoxt's Book Shoppe.
 36203 | Vaults:4 | Noticed vogonpoet's ghost (veteran GnWn)
 36203 | Vaults:4 | Noticed Erid's ghost (adept DDFi)
 36203 | Vaults:4 | Noticed Jufi's ghost (veteran HuFi)
 36318 | Vaults:4 | Killed Erid's ghost
 36322 | Vaults:4 | Killed Jufi's ghost
 36322 | Vaults:4 | Received a gift from Okawaru
 36322 | Vaults:4 | Reached XP level 22. HP: 117/222 MP: 22/29
 36365 | Vaults:4 | Killed vogonpoet's ghost
 36691 | Vaults:5 | Entered Level 5 of the Vaults
 36938 | Elf:1    | Entered Level 1 of the Elven Halls
 37108 | Elf:1    | Reached skill level 5 in Dodging
 37692 | Elf:2    | Found Uheps's Antique Armour Boutique.
 37702 | Elf:2    | Identified the +1 pair of gloves of Spring Thaw {Str+6}
                  | (You found it on level 2 of the Elven Halls)
 37789 | Elf:2    | Received a gift from Okawaru
 37898 | Elf:2    | Found a runed gate.
 37898 | Elf:2    | Found a runed gate.
 37938 | Elf:2    | Found a runed gate.
 38438 | Elf:2    | Received a gift from Okawaru
 38441 | Elf:2    | Identified the +1 chain mail of Pride {Stlth+} (Okawaru
                  | gifted it to you on level 2 of the Elven Halls)
 38467 | Elf:2    | Reached skill level 19 in Fighting
 38559 | Elf:3    | Entered Level 3 of the Elven Halls
 39593 | Elf:3    | Reached XP level 23. HP: 162/232 MP: 30/30
 39808 | Elf:3    | Received a gift from Okawaru
 39818 | Elf:3    | Got a twitching bone amulet
 39821 | Elf:3    | Identified the amulet "Opuk" {Harm *Drain rF+ rC+} (You
                  | took it off a deep elf mage on level 3 of the Elven Halls)
 39901 | Elf:3    | Identified the Tome of the Glacial Arsonist
 39910 | Elf:3    | Identified the Tome of Dark Ice
 39916 | Elf:3    | Got a clouded copper amulet
 39917 | Elf:3    | Identified the amulet of Sioruecs {Inacc *Drain rC+++ MR+}
                  | (You found it on level 3 of the Elven Halls)
 39923 | Elf:3    | Identified the Volume of Evil Toxins
 40330 | Depths:1 | Entered Level 1 of the Depths
 40330 | Depths:1 | Found a gateway to Hell.
 40330 | Depths:1 | Noticed Sojobo
 40392 | D:15     | Killed Sojobo
 40481 | Depths:1 | Paralysed by a vampire knight for 2 turns
 40629 | Depths:1 | Paralysed by a sphinx for 6 turns
 41145 | Depths:1 | Found a one-way gate to the infinite horrors of the Abyss.
 41176 | Depths:1 | Found a portal to a secret trove of treasure.
 41287 | Depths:1 | Found Mibly's Magic Scroll Shop.
 41291 | Depths:1 | Bought a scroll of teleportation for 42 gold pieces
 41291 | Depths:1 | Bought a scroll of blinking for 105 gold pieces
 41350 | Depths:1 | Reached skill level 20 in Fighting
 41432 | Depths:1 | You paid a toll of +5 ice dragon scales to enter a treasure
                  | trove
 41433 | Trove    | Entered a treasure trove
 41455 | Trove    | Identified Sif Muna's Incunabulum of Boosting Calling
 41507 | Trove    | Identified Sif Muna's Incunabulum of Fiery Transmigration
 41959 | Depths:2 | Received a gift from Okawaru
 41991 | Depths:2 | Found Irykk's Antique Armour Shoppe.
 42017 | Depths:2 | Reached skill level 10 in Dodging
 42073 | Depths:2 | Reached XP level 24. HP: 148/244 MP: 30/30
 42157 | Depths:2 | Found Disair's Gadget Shoppe.
 42214 | Depths:2 | Found a gateway to a ziggurat.
 43321 | Depths:2 | Paralysed by a floating eye for 2 turns
 43916 | Depths:3 | Received a gift from Okawaru
 44397 | Depths:3 | Found a one-way gate leading to the halls of Pandemonium.
 44471 | Depths:3 | Reached skill level 21 in Fighting
 44484 | Depths:3 | Found Meug's Assorted Antiques.
 44486 | Depths:3 | Found Ycout's General Store.
 44891 | Depths:4 | Found a magical portal.
 44900 | WizLab   | Entered Iskenderun's Mystic Tower
 44951 | WizLab   | Reached XP level 25. HP: 251/256 MP: 30/30
 45024 | WizLab   | Received a gift from Okawaru
 45782 | WizLab   | Identified the Almanac of Helpful Changing
 45794 | WizLab   | Identified Iskenderun's Guide on Confrontation
 45794 | WizLab   | Identified Iskenderun's Catalogue of Attacks
 46109 | Depths:4 | Noticed Louise
 46115 | Depths:4 | Killed Louise
 46115 | Depths:4 | Received a gift from Okawaru
 46389 | Depths:4 | Received a gift from Okawaru
 46403 | Depths:4 | Identified the cursed +1 plate armour of the Evil One {rC+
                  | Stlth+} (You found it on level 4 of the Depths)
 46780 | Depths:5 | Entered Level 5 of the Depths
 46797 | Depths:5 | Reached skill level 15 in Dodging
 46800 | Depths:5 | Found a flickering gateway to a bazaar.
 46836 | Bazaar   | Entered a bazaar
 46838 | Bazaar   | Found Rolepp's Book Boutique.
 46842 | Bazaar   | Found Utsi's Distillery.
 46842 | Bazaar   | Found Cehusotu's Gadget Boutique.
 46843 | Bazaar   | Found Plog's Gadget Boutique.
 46853 | Bazaar   | Bought a potion of heal wounds for 60 gold pieces
 46853 | Bazaar   | Bought a potion of haste for 120 gold pieces
 46853 | Bazaar   | Bought a potion of mutation for 96 gold pieces
 47148 | Depths:5 | Received a gift from Okawaru
 47418 | Depths:5 | Reached skill level 22 in Fighting
 47426 | Depths:5 | Found a gate to the Realm of Zot.
 48386 | Vaults:5 | Noticed an ancient lich
 48394 | Vaults:5 | Reached XP level 26. HP: 256/268 MP: 24/30
 48425 | Vaults:5 | Killed an ancient lich
 48426 | Vaults:5 | Received a gift from Okawaru
 48588 | Vaults:5 | Received a gift from Okawaru
 48639 | Vaults:5 | Reached XP level 27. HP: 279/279 MP: 30/30
 48844 | Vaults:5 | Identified the Disquisition on Shifting Cold
 49031 | Vaults:5 | Got a silver rune of Zot
 50089 | Zot:1    | Entered Level 1 of the Realm of Zot
 50101 | Zot:1    | Received a gift from Okawaru
 50127 | Zot:1    | Identified the +2 pair of gloves "Monuleni" {rN+ Dex+2}
                  | (Okawaru gifted it to you on level 1 of the Realm of Zot)
 50140 | Zot:1    | Reached skill level 23 in Fighting
 50208 | Zot:1    | Got a clouded steel ring
 50210 | Zot:1    | Identified the ring "Ymen" {rC+ MR+ Str+4} (You acquired it
                  | on level 1 of the Realm of Zot)
 51329 | Zot:2    | Received a gift from Okawaru
 52300 | Zot:3    | Received a gift from Okawaru
 52924 | Zot:4    | Found a transporter.
 52927 | Zot:4    | Noticed Nib's ghost (legendary CeHu)
 52934 | Zot:4    | Found a transporter.
 53137 | Zot:4    | Received a gift from Okawaru
 53149 | Zot:4    | Reached skill level 24 in Fighting
 53206 | Zot:4    | Received a gift from Okawaru
 53748 | Zot:5    | Entered Level 5 of the Realm of Zot
 53988 | Zot:5    | Noticed an ancient lich
 54000 | Zot:5    | Killed an ancient lich
 54010 | Zot:5    | Noticed an ancient lich
 54026 | Zot:5    | Killed an ancient lich
 54057 | Zot:5    | Noticed an ancient lich
 54064 | Zot:5    | Received a gift from Okawaru
 54088 | Zot:5    | Killed an ancient lich
 54216 | Zot:5    | Noticed an ancient lich
 54260 | Zot:5    | Killed an ancient lich
 54417 | Zot:5    | Received a gift from Okawaru
 54463 | Zot:5    | Noticed an orb of fire
 54466 | Zot:5    | Noticed an orb of fire
 54477 | Zot:5    | Killed an orb of fire
 54497 | Zot:5    | Killed an orb of fire
 54859 | Zot:5    | Received a gift from Okawaru
 54883 | Zot:5    | Noticed an ancient lich
 54898 | Zot:5    | Killed an ancient lich
 55212 | Zot:5    | Reached skill level 25 in Fighting
 55800 | Slime:1  | Entered Level 1 of the Pits of Slime
 55805 | Slime:1  | Gained mutation: You do not regenerate when monsters are
                  | visible. [a shining eye]
 55806 | Slime:1  | Gained mutation: You possess an exceptional clarity of
                  | mind. [a shining eye]
 55813 | Slime:1  | Gained mutation: Your spells are a little harder to cast,
                  | but a little more powerful. [a shining eye]
 55817 | Slime:1  | Gained mutation: Your magical capacity is low. (-10% MP) [a
                  | shining eye]
 55824 | Slime:1  | Lost mutation: You possess an exceptional clarity of mind.
                  | [a shining eye]
 56360 | Slime:3  | Gained mutation: You are weak. (Str -2) [a shining eye]
 56361 | Slime:3  | Paralysed by a floating eye for 2 turns
 56366 | Slime:3  | Gained mutation: You are frail. (-10% HP) [a shining eye]
 56623 | Slime:4  | Gained mutation: You are dopey. (Int -2) [a shining eye]
 56630 | Slime:4  | Received a gift from Okawaru
 56672 | Slime:4  | Gained mutation: Your body sometimes deteriorates upon
                  | taking damage. [a shining eye]
 56674 | Slime:4  | Gained mutation: Potions are less effective at restoring
                  | your health. [a shining eye]
 56676 | Slime:4  | Gained mutation: Your magical capacity is very low. (-20%
                  | MP) [a shining eye]
 56678 | Slime:4  | Gained mutation: You occasionally shout uncontrollably at
                  | your foes. [a shining eye]
 56681 | Slime:4  | Gained mutation: You sometimes yell uncontrollably at your
                  | foes. [a shining eye]
 56812 | Slime:5  | Entered Level 5 of the Pits of Slime
 56813 | Slime:5  | Lost mutation: You are dopey. (Int -2) [a shining eye]
 56816 | Slime:5  | Reached skill level 1 in Spellcasting
 56860 | Slime:5  | Noticed the Royal Jelly
 57308 | Slime:5  | Found a viscous altar of Jiyva.
 57401 | Slime:5  | Gained mutation: Potions are poor at restoring your health.
                  | [a shining eye]
 57403 | Slime:5  | Lost mutation: Your spells are a little harder to cast, but
                  | a little more powerful. [a shining eye]
 57406 | Slime:5  | Gained mutation: You are dopey. (Int -2) [a shining eye]
 57449 | Slime:5  | Killed the Royal Jelly
 57449 | Slime:5  | Received a gift from Okawaru
 57524 | Slime:5  | Identified the +0 pair of gloves of Neextyufa {rF++ Int-2
                  | Stlth+} (You found it on level 5 of the Pits of Slime)
 57630 | Slime:5  | Got a slimy rune of Zot
 58330 | D:5      | Bought the ring "Suodires" {rN+ Dex+3 Slay+2} for 529 gold
                  | pieces
 58648 | Crypt:1  | Entered Level 1 of the Crypt
 58748 | Crypt:1  | Reached skill level 5 in Spellcasting
 59320 | Crypt:1  | Got a bound glass ring
 59321 | Crypt:1  | Identified the ring "Vapnuuss" {Fire Int+7 Stlth-} (You
                  | acquired it on level 1 of the Crypt)
 59426 | Crypt:1  | Found a runed door.
 59426 | Crypt:1  | Found a shimmering altar of Xom.
 59426 | Crypt:1  | Noticed namelastname112's ghost (veteran DrWn)
 59725 | Crypt:1  | Killed namelastname112's ghost
 60246 | Crypt:2  | Identified the Guide on Sinister Lightness
 60458 | Crypt:2  | Learned a level 3 spell: Regeneration
 60461 | Crypt:2  | Learned a level 2 spell: Song of Slaying
 60468 | Crypt:2  | Learned a level 6 spell: Statue Form
 60648 | Crypt:3  | Entered Level 3 of the Crypt
 60784 | Crypt:3  | Found a staircase to the Tomb.
 60808 | Crypt:3  | Identified the ring "Meram" {rN+ Str-3 Int-3 Dex+9 SInv}
                  | (You found it on level 3 of the Crypt)
 60811 | Crypt:3  | Identified the ring of Compulsion {rF+ rN+} (You found it
                  | on level 3 of the Crypt)
 60874 | Crypt:3  | Received a gift from Okawaru
 60983 | Crypt:3  | Noticed an ancient lich
 60984 | Crypt:3  | Found an ancient bone altar of Kikubaaqudgha.
 60991 | Crypt:3  | Killed an ancient lich
 60991 | Crypt:3  | Reached skill level 26 in Fighting
 61085 | Crypt:3  | Reached skill level 1 in Necromancy
 61224 | Crypt:3  | Found the +15 Maxwell's patent armour {-Cast -Tele rElec
                  | MR+ rCorr}
 61459 | Crypt:3  | Identified the Volume of Sinister Magic
 62110 | Depths:1 | Voluntarily entered the Abyss.
 62111 | Abyss:1  | Lost mutation: Your magical capacity is very low. (-20% MP)
                  | [potion of mutation]
 62111 | Abyss:1  | Lost mutation: Your magical capacity is low. (-10% MP)
                  | [potion of mutation]
 62111 | Abyss:1  | Lost mutation: You are weak. (Str -2) [potion of mutation]
 62111 | Abyss:1  | Gained mutation: Your flesh is cold resistant. (rC+)
                  | [potion of mutation]
 62112 | Abyss:1  | Lost mutation: Your body sometimes deteriorates upon taking
                  | damage. [potion of mutation]
 62112 | Abyss:1  | Lost mutation: You sometimes yell uncontrollably at your
                  | foes. [potion of mutation]
 62112 | Abyss:1  | Lost mutation: You occasionally shout uncontrollably at
                  | your foes. [potion of mutation]
 62112 | Abyss:1  | Gained mutation: Your spells are a little easier to cast,
                  | but a little less powerful. [potion of mutation]
 62112 | Abyss:1  | Gained mutation: You are partially covered in molten
                  | scales. (AC +2) [potion of mutation]
 62112 | Abyss:1  | Gained mutation: Your movements are slightly less
                  | encumbered by armour. (ER -2) [potion of mutation]
 62113 | Abyss:1  | Lost mutation: You do not regenerate when monsters are
                  | visible. [potion of mutation]
 62113 | Abyss:1  | Lost mutation: Your flesh is cold resistant. (rC+) [potion
                  | of mutation]
 62113 | Abyss:1  | Gained mutation: You have a pair of small horns on your
                  | head. [potion of mutation]
 62113 | Abyss:1  | Lost mutation: You are dopey. (Int -2) [potion of mutation]
 62114 | Abyss:1  | Lost mutation: You are partially covered in molten scales.
                  | (AC +2) [potion of mutation]
 62114 | Abyss:1  | Lost mutation: Your movements are slightly less encumbered
                  | by armour. (ER -2) [potion of mutation]
 62114 | Abyss:1  | Gained mutation: Your muscles are strong. (Str +2) [potion
                  | of mutation]
 62114 | Abyss:1  | Lost mutation: You are frail. (-10% HP) [potion of
                  | mutation]
 62114 | Abyss:1  | Gained mutation: You can exhale a cloud of poison. [potion
                  | of mutation]
 62115 | Abyss:1  | Lost mutation: You can exhale a cloud of poison. [potion of
                  | mutation]
 62115 | Abyss:1  | Lost mutation: You have a pair of small horns on your head.
                  | [potion of mutation]
 62115 | Abyss:1  | Lost mutation: Your spells are a little easier to cast, but
                  | a little less powerful. [potion of mutation]
 62115 | Abyss:1  | Lost mutation: Your muscles are strong. (Str +2) [potion of
                  | mutation]
 62115 | Abyss:1  | Gained mutation: You are dopey. (Int -2) [potion of
                  | mutation]
 62115 | Abyss:1  | Gained mutation: Your muscles are strong. (Str +2) [potion
                  | of mutation]
 62375 | Abyss:1  | Reached skill level 1 in Transmutations
 62375 | Abyss:1  | Reached skill level 1 in Earth Magic
 62900 | Abyss:1  | Found a sparkling altar of Nemelex Xobeh.
 62912 | Abyss:1  | Received a gift from Okawaru
 63031 | Abyss:1  | Found a sparkling altar of Nemelex Xobeh.
 63692 | Abyss:3  | Found a corrupted altar of Lugonu.
 63837 | Abyss:3  | Found a corrupted altar of Lugonu.
 64065 | Abyss:3  | Reached skill level 5 in Transmutations
 64076 | Abyss:3  | Reached skill level 5 in Earth Magic
 64174 | Abyss:3  | Gained mutation: Your body sometimes deteriorates upon
                  | taking damage. [a cacodemon]
 64618 | Abyss:3  | Reached skill level 10 in Spellcasting
 64676 | Abyss:3  | Paralysed by accursed screaming for 1 turns
 64694 | Abyss:3  | Noticed an ancient lich
 64699 | Abyss:3  | Killed an ancient lich
 64707 | Abyss:3  | Received a gift from Okawaru
 64817 | Abyss:3  | Noticed an ancient lich
 64823 | Abyss:3  | Killed an ancient lich
 64857 | Abyss:3  | Paralysed by accursed screaming for 1 turns
 65080 | Abyss:4  | Received a gift from Okawaru
 65084 | Abyss:4  | Identified the +3 naga barding of Ischuetu {-Tele rF++ rC+
                  | Slay+5} (Okawaru gifted it to you on level 4 of the Abyss)
 65821 | Abyss:5  | Entered Level 5 of the Abyss
 65887 | Abyss:5  | Paralysed by accursed screaming for 1 turns
 65934 | Depths:1 | Escaped the Abyss
 66335 | D:7      | Bought a papyrus book for 345 gold pieces
 66356 | D:7      | Fell from the grace of Okawaru
 66356 | D:7      | Became a worshipper of Kikubaaqudgha
 66617 | Vaults:5 | Identified the Papyrus of Confrontation (You acquired it on
                  | level 5 of the Vaults)
 66793 | D:11     | Bought the Handbook of Quantum Stolen Souls for 1218 gold
                  | pieces
 66929 | Vaults:2 | Bought a potion of might for 168 gold pieces
 66929 | Vaults:2 | Bought a scroll of enchant armour for 315 gold pieces
 67184 | Orc:2    | Bought a potion of heal wounds for 70 gold pieces
 67461 | Depths:1 | Voluntarily entered the Abyss.
 67483 | Abyss:1  | Paralysed by accursed screaming for 1 turns
 67516 | Abyss:1  | Noticed an ancient lich
 67539 | Abyss:1  | Killed an ancient lich
 67551 | Abyss:1  | Reached skill level 27 in Fighting
 67570 | Abyss:1  | Reached * piety under Kikubaaqudgha
 67570 | Abyss:1  | Identified Kikubaaqudgha's Almanac of Darkness
                  | (Kikubaaqudgha gifted it to you on level 1 of the Abyss)
 67570 | Abyss:1  | Received a gift from Kikubaaqudgha
 67599 | Abyss:1  | Reached skill level 5 in Necromancy
 67701 | Abyss:1  | Reached skill level 10 in Transmutations
 67809 | Abyss:1  | Reached ** piety under Kikubaaqudgha
 68032 | Abyss:2  | Reached *** piety under Kikubaaqudgha
 68032 | Abyss:2  | Identified Kikubaaqudgha's Tome of Sinister Arts
                  | (Kikubaaqudgha gifted it to you on level 2 of the Abyss)
 68032 | Abyss:2  | Received a gift from Kikubaaqudgha
 68408 | Abyss:3  | Reached skill level 1 in Charms
 68525 | Abyss:3  | Gained mutation: You have an uncontrollable temper. [a
                  | neqoxec]
 68562 | Abyss:3  | Reached **** piety under Kikubaaqudgha
 68887 | Abyss:3  | Lost mutation: Your muscles are strong. (Str +2) [a
                  | neqoxec]
 68889 | Abyss:3  | Reached ***** piety under Kikubaaqudgha
 69172 | Abyss:4  | Learned a level 5 spell: Borgnjor's Vile Clutch
 69178 | Abyss:4  | Learned a level 5 spell: Aura of Abjuration
 69203 | Abyss:4  | Identified the cursed +0 pair of gloves of Henotheism
                  | {rElec rF+} (You found it on level 4 of the Abyss)
 69229 | Depths:1 | Escaped the Abyss
 70642 | Pan      | Entered Pandemonium
 70674 | Pan      | Noticed Ilifruc the pandemonium lord
 71004 | Pan      | Gained mutation: You are very dopey. (Int -4) [a cacodemon]
 71106 | Pan      | Found an exit through the horrors of the Abyss.
 71217 | Pan      | Learned a level 4 spell: Animate Dead
 71378 | Pan      | Killed Ilifruc the pandemonium lord
 71456 | Pan      | Reached skill level 5 in Charms
 72063 | Pan      | Reached skill level 1 in Summonings
 72130 | Pan      | Noticed Benuakieb the pandemonium lord
 72154 | Pan      | Killed Benuakieb the pandemonium lord
 72165 | Pan      | Gained mutation: You are clumsy. (Dex -2) [a neqoxec]
 72414 | Pan      | Reached skill level 10 in Necromancy
 72580 | Pan      | Found an exit through the horrors of the Abyss.
 72603 | Pan      | Took an exit into the Abyss.
 72603 | Abyss:1  | Escaped into the Abyss
 72623 | Abyss:1  | Reached ****** piety under Kikubaaqudgha
 72722 | Abyss:1  | Received a gift from Kikubaaqudgha
 72728 | Abyss:1  | Learned a level 3 spell: Ozocubu's Armour
 72742 | Depths:5 | Escaped the Abyss
 72754 | Depths:5 | Learned a level 8 spell: Necromutation
 72763 | Depths:5 | Learned a level 8 spell: Infestation
 72860 | Hell     | Entered the Vestibule of Hell
 72860 | Hell     | Noticed Geryon
 72874 | Hell     | Gained mutation: Your magical capacity is low. (-10% MP) [a
                  | cacodemon]
 73287 | Hell     | Killed Geryon
 73321 | Depths:5 | Reached skill level 5 in Summonings
 73567 | Hell     | Found a gateway to the Iron City of Dis.
 73681 | Hell     | Found a gateway to the decaying netherworld of Tartarus.
 73811 | Depths:5 | Was forgiven by Okawaru
 74638 | Tar:1    | Entered Level 1 of Tartarus
 75702 | Tar:1    | Reached skill level 15 in Spellcasting
 75808 | Hell     | Found a gateway to the ashen valley of Gehenna.
 76027 | Depths:1 | Voluntarily entered the Abyss.
 76044 | Abyss:1  | Noticed an ancient lich
 76047 | Abyss:1  | Killed an ancient lich
 76077 | Abyss:1  | Found a shimmering altar of Xom.
 76715 | Abyss:2  | Learned a level 6 spell: Death Channel
 76721 | Abyss:2  | Learned a level 5 spell: Yara's Violent Unravelling
 77076 | Abyss:3  | Found a corrupted altar of Lugonu.
 77103 | Abyss:3  | Found a corrupted altar of Lugonu.
 77265 | Abyss:3  | Identified the ring of Equilibrium {rPois rF+ rC++ Int+3}
                  | (You found it on level 3 of the Abyss)
 77320 | Abyss:3  | Reached skill level 15 in Transmutations
 77895 | Abyss:3  | Gained mutation: You are weak. (Str -2) [a cacodemon]
 77901 | Abyss:3  | Gained mutation: You can exhale a cloud of poison. [a
                  | cacodemon]
 78014 | Abyss:3  | Gained mutation: Your body often deteriorates upon taking
                  | damage. [a neqoxec]
 78015 | Abyss:3  | Gained mutation: You are frail. (-10% HP) [a neqoxec]
 78016 | Abyss:3  | Lost mutation: You are weak. (Str -2) [a neqoxec]
 78242 | Abyss:4  | Found a corrupted altar of Lugonu.
 78332 | Abyss:4  | Got an abyssal rune of Zot
 78505 | Depths:1 | Escaped the Abyss
 78829 | Vaults:4 | Bought a book of Spatial Translocations for 1235 gold
                  | pieces
 78834 | Vaults:4 | Learned a level 4 spell: Passage of Golubria
 79185 | Pan      | Entered Pandemonium
 79219 | Pan      | Reached skill level 1 in Translocations
 79460 | Pan      | Noticed Nametuf the pandemonium lord
 79476 | Pan      | Killed Nametuf the pandemonium lord
 80369 | Pan      | Reached skill level 15 in Necromancy
 80408 | Pan      | Noticed Quzaeng the pandemonium lord
 80418 | Pan      | Killed Quzaeng the pandemonium lord
 80540 | Pan      | Reached skill level 5 in Translocations
 80870 | Pan      | Gained mutation: You are occasionally teleported next to
                  | monsters. [a neqoxec]
 81251 | Pan      | Noticed Wexieto the pandemonium lord
 81262 | Pan      | Killed Wexieto the pandemonium lord
 81265 | Pan      | Gained mutation: You occasionally shout uncontrollably at
                  | your foes. [a neqoxec]
 81266 | Pan      | Gained mutation: You sometimes yell uncontrollably at your
                  | foes. [a neqoxec]
 81323 | Pan      | Found an exit through the horrors of the Abyss.
 81876 | Pan      | Noticed Cumot the pandemonium lord
 81885 | Pan      | Killed Cumot the pandemonium lord
 82763 | Pan      | Gained mutation: Your spells are a little easier to cast,
                  | but a little less powerful. [a cacodemon]
 82969 | Pan      | Noticed Lomur the pandemonium lord
 82984 | Pan      | Killed Lomur the pandemonium lord
 83163 | Pan      | Got a demonic rune of Zot
 83415 | Pan      | Gained mutation: You are very clumsy. (Dex -4) [a
                  | cacodemon]
 83614 | Pan      | Identified the ring "Caseff" {MR+ Str+3 Dex+9} (You found
                  | it in Pandemonium)
 84131 | Pan      | Identified the +5 large shield of Analysis {rPois rF+ rC++}
                  | (You took it off a daeva in Pandemonium)
 84308 | Pan      | Found a glowing silver altar of Zin.
 84592 | Pan      | Noticed a seraph
 84619 | Pan      | Killed a seraph
 84652 | Pan      | Found a glowing golden altar of the Shining One.
 84671 | Pan      | Identified the Volume of Venom and Weightlessness
 84687 | Pan      | Identified the ring "Toer" {+Fly rElec rF- Dex+4} (You took
                  | it off an angel in Pandemonium)
 84690 | Pan      | Identified the ring "Fuyridei" {rF+ rN++} (You took it off
                  | an angel in Pandemonium)
 84718 | Pan      | Identified the +7 large shield "Okaygh" {rC++ Str-2 Int+3}
                  | (You took it off a daeva in Pandemonium)
 85086 | Depths:3 | Escaped Pandemonium
 85088 | Pan      | Entered Pandemonium
 85122 | Pan      | Found an exit through the horrors of the Abyss.
 85169 | Pan      | Noticed Beriet the pandemonium lord
 85190 | Pan      | Killed Beriet the pandemonium lord
 85919 | Pan      | Entered the realm of Cerebov.
 86215 | Pan      | Found an exit through the horrors of the Abyss.
 86258 | Pan      | Noticed Cerebov
 86615 | Pan      | Killed Cerebov
 86974 | Pan      | Got a fiery rune of Zot
 86996 | Pan      | Identified the cursed +1 plate armour "Wiybb" {Str+4} (You
                  | found it in Pandemonium)
 87067 | Pan      | Identified the Papyrus of Aid
 87163 | Pan      | Entered the realm of Lom Lobon.
 87163 | Pan      | Noticed Lom Lobon
 87203 | Pan      | Found an exit through the horrors of the Abyss.
 87515 | Pan      | Killed Lom Lobon
 87566 | Pan      | Got a magical rune of Zot
 87719 | Pan      | Entered the realm of Mnoleg.
 87901 | Pan      | Paralysed by a floating eye for 4 turns
 87955 | Pan      | Noticed Mnoleg
 87955 | Pan      | Paralysed by a floating eye for 3 turns
 87966 | Pan      | Paralysed by a floating eye for 4 turns
 87973 | Pan      | Killed Mnoleg
 88007 | Pan      | Got a glowing rune of Zot
 88017 | Pan      | Learned a level 8 spell: Borgnjor's Revivification
 88025 | Pan      | Learned a level 6 spell: Shadow Creatures
 88372 | Pan      | Gained mutation: Your magical capacity is very low. (-20%
                  | MP) [a cacodemon]
 88601 | Pan      | Gained mutation: You do not regenerate when monsters are
                  | visible. [a cacodemon]
 88637 | Pan      | Entered the realm of Gloorx Vloq.
 88672 | Pan      | Reached skill level 10 in Earth Magic
 88672 | Pan      | Noticed Gloorx Vloq
 88695 | Pan      | Killed Gloorx Vloq
 88734 | Pan      | Got a dark rune of Zot
 89047 | Pan      | Found an exit through the horrors of the Abyss.
 89326 | Pan      | Noticed Reakuedo the pandemonium lord
 89338 | Pan      | Killed Reakuedo the pandemonium lord
 89573 | Pan      | Found an exit through the horrors of the Abyss.
 89630 | Pan      | Gained mutation: You often lose your temper in combat. [a
                  | cacodemon]
 89840 | Depths:3 | Escaped Pandemonium
 89870 | Hell     | Found a gateway to the freezing wastes of Cocytus.
 89967 | Coc:1    | Entered Level 1 of Cocytus
 90530 | Coc:5    | You fall through a shaft!
 90588 | Coc:7    | Entered Level 7 of Cocytus
 90950 | Coc:7    | Noticed Antaeus
 91139 | Coc:7    | Reached skill level 10 in Summonings
 91253 | Coc:7    | Killed Antaeus
 91291 | Coc:7    | Got an icy rune of Zot
 91998 | Zig:1    | Entered Level 1 of a ziggurat
 92071 | Zig:2    | Entered Level 2 of a ziggurat
 92100 | Zig:3    | Entered Level 3 of a ziggurat
 92127 | Zig:4    | Entered Level 4 of a ziggurat
 92176 | Zig:5    | Entered Level 5 of a ziggurat
 92191 | Zig:5    | Paralysed by accursed screaming for 1 turns
 92254 | Zig:6    | Entered Level 6 of a ziggurat
 92300 | Zig:6    | Identified the ring "Duesuf" {Str+2 Int+4 SInv} (You found
                  | it on level 6 of a ziggurat)
 92353 | Zig:7    | Entered Level 7 of a ziggurat
 92377 | Zig:7    | Got a faintly glowing sapphire amulet
 92378 | Zig:7    | Identified the amulet "Joas" {Harm *Drain Str-4 Int+3 Dex+3
                  | Slay+3} (You found it on level 7 of a ziggurat)
 92405 | Zig:8    | Entered Level 8 of a ziggurat
 92411 | Zig:8    | Found the +2 pair of boots of the Assassin {Detection Stab+
                  | Stlth++}
 92693 | Zig:9    | Entered Level 9 of a ziggurat
 92847 | Zig:10   | Entered Level 10 of a ziggurat
 92854 | Zig:10   | Learned a level 3 spell: Recall
 92861 | Zig:10   | Noticed an ancient lich
 92888 | Zig:10   | Killed an ancient lich
 92895 | Zig:10   | Reached skill level 15 in Earth Magic
 93029 | Zig:10   | Lost mutation: Your body often deteriorates upon taking
                  | damage. [potion of mutation]
 93029 | Zig:10   | Lost mutation: Potions are poor at restoring your health.
                  | [potion of mutation]
 93029 | Zig:10   | Lost mutation: You often lose your temper in combat.
                  | [potion of mutation]
 95227 | Tar:6    | Noticed an ancient lich
 95239 | Tar:6    | Killed an ancient lich
 95312 | Tar:7    | Entered Level 7 of Tartarus
 96123 | Tar:7    | Identified the Catalogue of Earthen Weightlessness
 96288 | Tar:7    | Found the +7 great mace "Firestarter" {inner flame, rF++}
 96531 | Tar:7    | Noticed Ereshkigal
 96556 | Tar:7    | Killed Ereshkigal
 96599 | Tar:7    | Got a bone rune of Zot
 97147 | Geh:1    | Entered Level 1 of Gehenna
 97594 | Zot:5    | Got the Orb of Zot
 97766 | Depths:5 | Noticed Bunillya the pandemonium lord
 97803 | Depths:3 | Noticed Vyguffuk the pandemonium lord
 97815 | Depths:3 | Killed Vyguffuk the pandemonium lord
 97909 | D:15     | Noticed Vemm the pandemonium lord
 97925 | D:15     | Killed Vemm the pandemonium lord
 98357 | D:$      | Escaped with the Orb!

Vault maps used:
D:1:      saegor_arrival_simple_e
D:2:      nicolae_overflow_crystal_walls, led_sif_pool, lemuel_doored_altar
D:3:      wad_crossroads, fiery_altar_vehumet, first_ration, minmay_surrounded,
          uniq_natasha
D:4:      grunt_dithmenos_smoke_and_mirrors,
          minmay_temple_entry_statues_pillars, serial_glass, glass_columns_c,
          glass_columns_a, minmay_rat_hole
D:5:      serial_shops, nicolae_shop_behind_doors, uniq_duvessa
D:7:      old_standard_altar, kennysheep_mini_moat, serial_shops,
          nicolae_shop_statue_plus, serial_park_tiny_pond
D:8:      uniq_erica, uniq_harold
D:9:      minmay_the_grid_triangle_9x9_rhombus_full, lemuel_round_altar,
          minmay_orc_entry_guard_dogs, serial_shops, shop, uniq_pikel,
          uniq_joseph
D:10:     lair_entry_dummy, grunt_decor_cap
D:11:     serial_shops, nicolae_shop_trees, shop, nicolae_shop_trees,
          shop_scrolls
D:13:     hangedman_vaults_entry_quadrant_bands, basic_altar
D:14:     minmay_hedge_maze, blue_anna_alchemist, minmay_holes
D:15:     grunt_enter_depths_snipers, serial_shops,
          nicolae_shop_window_shopping, hangedman_abyss_or_decor_slice
Lair:1:   hibernation_bobbens, lemuel_fruit_tree
Lair:2:   minmay_shoals_entry_lonely_mermaid, nicolae_lair_grove_arrangements,
          serial_bayou_pond_a
Lair:3:   serial_bayou_pond_b, forest_entry_grove, uniq_sonja
Lair:4:   nicolae_spider_entry_non_spiders, hellmonk_ghost_happy_afterlife,
          st_stairs_5, kilobyte_rumbling_trees, grunt_megastairs_3,
          infiniplex_staircase_pool_2
Lair:5:   lab_entry_generic
Lair:6:   minmay_lair_end_enchanted_forest, minmay_slime_entry_pillars,
          uniq_snorg
Shoals:1: cheibrodos_shoals_roost
Shoals:2: abandoned_shop
Shoals:4: shoals_end_grunt_ice, gammafunk_ghost_necromancy
Spider:1: uniq_jorgrun
Spider:2: uniq_arachne
Spider:3: nicolae_orb_island, nicolae_spider_cling_ruins
Spider:4: grunt_spider_rune_circles
Slime:2:  cheibrodos_slime_lost_civilization_4
Orc:1:    basic_altar
Orc:2:    st_orc_congregation, lightli_volcano_entry_magma_tube, serial_shops,
          nicolae_shop_trees
Elf:1:    eino_elf_arrival_the_gate, hangedman_elf_disciples
Elf:2:    serial_shops, shop_statue
Elf:3:    elf_hall
Vaults:1: nicolae_vaults_quartermaster, hangedman_vaults_trim,
          vaults_room_stairs_pillars, vaults_mumra_hex,
          nicolae_vaults_network_quincunx, nicolae_vaults_what_the_h,
          nicolae_vaults_ninety_degrees, serial_shops, shop
Vaults:2: v_misc_15, minmay_crypt_entry_necro_gods,
          nicolae_vaults_windows_and_doors_thing, v_misc_8,
          ontoclasm_vaults_ring_small, vaults_room_door_hall,
          vaults_room_hallway, v_misc_11, nicolae_vaults_little_squares_2,
          serial_shops, nicolae_shop_overgrown_old_shop
Vaults:3: nicolae_vaults_specimen_jars, vaults_standard_mumra_x,
          ontoclasm_vaults_idyll, vaults_room_fancy_cross, vaults_mumra_hexcomb,
          vaults_room_glass_cross, v_alt_pattern_2, vaults_dpeg_hooks,
          nicolae_vaults_network_barrier, v_rooms_5, ontoclasm_vaults_gateway,
          vaults_room_pool, hangedman_vaults_maws, uniq_jory, uniq_saint_roka
Vaults:4: gammafunk_vaults_ghost_cemetery, nicolae_vaults_shelves_hall,
          vaults_room_large_hall, vaults_room_stairs_pillars, vaults_mumra_lcd,
          vaults_mumra_chevron, vaults_dpeg_ring, hangedman_vaults_unwind,
          serial_shops, shop
Crypt:1:  ebering_ghost_xom
Crypt:3:  cryptofortress_bobbens
Depths:1: hell_entry, serial_shops, nicolae_shop_trees, dk_noncrumbling_3,
          nicolae_trove_entry_path_of_doom, minmay_room_of_horrors,
          minmay_guarded_unrand_vampires_tooth, uniq_sojobo
Depths:2: minmay_three_patterns, enter_ziggurat_d, serial_sigils_hangedman_scar,
          serial_shops, nicolae_shop_behind_doors,
          nicolae_shop_temple_entry_statues_fountains, hell_entry,
          serial_bayou_ford_a
Depths:3: four-leaf_vault, hell_entry, pan_entry, feat_on_display,
          minmay_shoptagon, infiniplex_staircase_spiral_double,
          serial_bayou_shore_b
Depths:4: kennysheep_windowed_halls, mu_enter_wizlab_5,
          minmay_misc_feat_nine_boxes, nicolae_abyss_entry_one_way_or_another,
          hangedman_geh_valley, infiniplex_staircase_door_maze
Depths:5: evilmike_zot_entry_round, corexii_hall_statues_x, serial_shops,
          bzr_entry_lakeside, lightli_too_deep, pan_entry, fountainhead
Coc:5:    serial_ice, serial_ice_g
Coc:7:    coc_hangedman
Tar:3:    hangedman_damned_closets
Tar:5:    door_vault
Tar:6:    grunt_deathspiral_small
Tar:7:    tar_mu
Zot:1:    cheibrodos_zot_enchanting_chambers
Zot:2:    lemuel_elevator
Zot:4:    gammafunk_ghost_arena
Abyss:1:  guppyfry_abyss_exit_glass_guarded
Abyss:2:  abyss_exit_lava, evilmike_abyss_exit_2, hangedman_summoners_spam
Abyss:3:  evilmike_abyss_exit_15, grunt_abyss_rune_forest_and_sorcery,
          nicolae_abyss_rune_star_stuff, hangedman_abyss_feature_spike,
          hangedman_abyss_river_spirits,
          hangedman_abyss_or_decor_jellyfish_corner
Abyss:4:  kilobyte_mutagenic_chamber, hangedman_abyss_rune_macabre_mess,
          evilmike_abyss_exit_5, evilmike_abyss_exit_plants,
          grunt_abyss_rune_forest_and_sorcery, minivault_26
Abyss:5:  due_exit_kobolds, hangedman_abyss_lost_library,
          grunt_abyss_rune_forest_and_sorcery, evilmike_abyss_exit_kraken
Pan:      evilmike_mini_pan_diamond, evilmike_mini_pan_doors_b,
          evilmike_mini_pan_doors, reaverb_pan_squares,
          nicolae_pan_strange_glyphs, nicolae_pan_sigil_eeng,
          nicolae_pan_mnolegish_2, evilmike_mini_pan_branches,
          nicolae_pan_mnolegish_4, reaverb_pan_figure_eight, grunt_pan_sceptre,
          special_room, pan_blood_fountain, evilmike_mini_pan_possible_glass,
          evilmike_mini_pan_pillars_b, pan_blood_fountain,
          pan_blood_fountain_small, lemuel_hall_of_pain, evilmike_holy_pan,
          grunt_pan_zigzag, cerebov, lom_lobon_grunt, pan_blood_fountain_2,
          evilmike_mnoleg_eyes, gloorx_vloq, evilmike_mini_pan_corner,
          nicolae_pan_gloorx_vloqian_3, nicolae_pan_sigil_uleosi,
          grunt_pan_pentagram, nicolae_pan_mnolegish_3, nicolae_pan_sigil_eeng
Zig:4:    ziggurat_pillar_centre_c
Zig:9:    ziggurat_pillar_centre_oklobs
Lab:      labyrinth_hidden_loot, labyrinth_lava_lair, nicolae_lab_hexagon,
          labyrinth_skeletal_remains, nicolae_lab_statue,
          nicolae_lab_flowing_pool
Bazaar:   bazaar_minmay_cross
Trove:    trove_library
Volcano:  volcano_tomb
WizLab:   wizlab_iskenderun

Skill      XL: |  1  2  3  4  5  6  7  8  9 10 11 12 13 14 15 16 17 18 19 20 21 22 23 24 25 26 27 |
---------------+----------------------------------------------------------------------------------+-----
Armour         | 1 2 3 5 6 7 8 10 11 12 13 14 16 17 18 19 20 25 | 25.5
Axes           | 4 5 6 7 9 10 11 13 14 15 16 17 18 19 24 | 24.7
Dodging        | 3 4 7 10 13 15 17 21 | 21.0
Fighting       | 3 4 5 6 7 8 9 10 11 12 13 14 15 16 18 19 20 21 22 27 | 27.0
Shields        | 1 2 3 4 5 6 7 8 9 10 11 12 13 14 15 | 15.0
Invocations    | 3 5 6 8 9 10 | 10.0
Spellcasting   | 23 | 23.3
Necromancy     | 20 | 20.2
Transmutations | 17 | 17.0
Earth Magic    | 19 | 19.1
Charms         | 5 |  5.6
Summonings     | 11 | 11.7
Translocations | 5 |  5.0
Throwing       | |  1.7

Action                   |  1- 3 |  4- 6 |  7- 9 | 10-12 | 13-15 | 16-18 | 19-21 | 22-24 | 25-27 || total
-------------------------+-------+-------+-------+-------+-------+-------+-------+-------+-------++-------
Melee: War axe           |    90 |   205 |   131 |       |       |       |       |       |       ||   426
       Hand axe          |       |       |   156 |       |       |       |       |       |       ||   156
       Broad axe         |       |       |       |   503 |   565 |  1136 |  1197 |  1149 |  9696 || 14246
       Constrict         |       |       |       |       |   129 |   251 |   225 |   206 |  1503 ||  2314
 Cast: Regeneration      |       |       |       |       |       |       |       |       |   177 ||   177
       Infestation       |       |       |       |       |       |       |       |       |   114 ||   114
       Necromutation     |       |       |       |       |       |       |       |       |    69 ||    69
       Statue Form       |       |       |       |       |       |       |       |       |    56 ||    56
       Animate Dead      |       |       |       |       |       |       |       |       |    36 ||    36
       Aura of Abjuratio |       |       |       |       |       |       |       |       |    32 ||    32
       Song of Slaying   |       |       |       |       |       |       |       |       |    30 ||    30
       Borgnjor's Vile C |       |       |       |       |       |       |       |       |     9 ||     9
       Passage of Golubr |       |       |       |       |       |       |       |       |     8 ||     8
       Shadow Creatures  |       |       |       |       |       |       |       |       |     6 ||     6
       Recall            |       |       |       |       |       |       |       |       |     3 ||     3
       Death Channel     |       |       |       |       |       |       |       |       |     2 ||     2
       Yara's Violent Un |       |       |       |       |       |       |       |       |     1 ||     1
Invok: Heroism           |       |       |     3 |     3 |     4 |     4 |     2 |     5 |    12 ||    33
       Finesse           |       |       |       |     1 |     2 |     1 |     1 |     2 |    11 ||    18
       Receive Corpses   |       |       |       |       |       |       |       |       |    41 ||    41
       Receive Necronomi |       |       |       |       |       |       |       |       |     1 ||     1
 Abil: Spit Poison       |       |     1 |     5 |       |       |     1 |       |       |       ||     7
       End Transformatio |       |       |       |       |       |       |       |       |     4 ||     4
       Breathe Poison Ga |       |       |       |       |       |       |       |       |     2 ||     2
Evoke: Wand              |       |       |       |    13 |     1 |    46 |       |     1 |    17 ||    78
       Phantom mirror    |       |       |       |       |       |       |       |       |     1 ||     1
  Use: Potion            |     1 |     1 |     2 |     1 |     2 |       |     1 |       |    57 ||    65
       Scroll            |       |     5 |     5 |    17 |     8 |    11 |     5 |    20 |    89 ||   160
 Stab: Confused          |       |       |       |     2 |     4 |       |       |       |       ||     6
       Distracted        |       |       |       |       |       |       |       |     1 |    52 ||    53
       Invisible         |       |       |       |       |       |       |       |       |    30 ||    30
       Paralysed         |       |       |       |       |       |       |       |       |     1 ||     1
  Eat: Chunk             |       |     8 |    10 |    13 |    18 |    27 |    21 |    18 |    44 ||   159
       Ration            |       |       |       |     2 |       |       |       |     2 |    53 ||    57
Armor: Leather armour    |    41 |   110 |     2 |       |       |       |       |       |       ||   153
       Chain mail        |       |       |   180 |       |   312 |  1126 |   602 |   609 |   370 ||  3199
       Scale mail        |       |       |       |   247 |    84 |       |       |       |       ||   331
       Storm dragon scal |       |       |       |       |       |       |       |       |  3265 ||  3265
       Skin              |       |       |       |       |       |       |       |       |   273 ||   273
Dodge: Dodged            |    72 |   159 |    74 |   205 |   107 |   293 |   149 |   255 |  3560 ||  4874
Block: Buckler           |       |       |    95 |   204 |    16 |       |       |       |       ||   315
       Reflection        |       |       |     8 |     7 |    14 |    28 |    74 |    81 |   192 ||   404
       Shield            |       |       |       |       |   361 |  1052 |   820 |   802 |  7700 || 10735

Table legend:
 A = Non-vault XP
 B = Vault XP
 C = Vault XP percentage of total XP
 D = Non-vault monster count
 E = Vault monster count
 F = Vault count percentage of total count
                 A         B        C        D         E       F
            +---------+---------+-------+---------+---------+-------
      Total | 2672041 | 1520657 |  36.3 |    4386 |    1549 |  26.1
            +---------+---------+-------+---------+---------+-------
        D:1 |      51 |       0 |   0.0 |      25 |       0 |   0.0
        D:2 |     115 |       0 |   0.0 |      27 |       0 |   0.0
        D:3 |     102 |      74 |  42.0 |      18 |      12 |  40.0
        D:4 |     299 |      20 |   6.3 |      22 |      19 |  46.3
        D:5 |     339 |     218 |  39.1 |       8 |       2 |  20.0
        D:6 |     859 |       0 |   0.0 |      23 |       0 |   0.0
        D:7 |    1377 |       0 |   0.0 |      29 |       0 |   0.0
        D:8 |    1317 |    1883 |  58.8 |      23 |       2 |   8.0
        D:9 |    2612 |    6193 |  70.3 |      35 |      27 |  43.5
       D:10 |    2008 |       0 |   0.0 |      28 |       0 |   0.0
       D:11 |    4609 |       0 |   0.0 |      34 |       0 |   0.0
       D:12 |    8551 |       0 |   0.0 |      42 |       0 |   0.0
       D:13 |    7099 |    7326 |  50.8 |      30 |      19 |  38.8
       D:14 |    2264 |      91 |   3.9 |      17 |       1 |   5.6
       D:15 |   29818 |   11950 |  28.6 |      51 |       6 |  10.5
     Lair:1 |    3146 |     383 |  10.9 |      17 |       1 |   5.6
     Lair:2 |    5066 |     451 |   8.2 |      19 |       1 |   5.0
     Lair:3 |    8347 |    3419 |  29.1 |      37 |      12 |  24.5
     Lair:4 |    3653 |    4459 |  55.0 |      17 |      20 |  54.1
     Lair:5 |    5852 |       0 |   0.0 |      28 |       0 |   0.0
     Lair:6 |    7547 |   10607 |  58.4 |      28 |      50 |  64.1
   Shoals:1 |    3499 |    3776 |  51.9 |       9 |       6 |  40.0
   Shoals:2 |   23680 |       0 |   0.0 |      45 |       0 |   0.0
   Shoals:3 |   24280 |       0 |   0.0 |      49 |       0 |   0.0
   Shoals:4 |   12068 |   25177 |  67.6 |      24 |      44 |  64.7
   Spider:1 |   29372 |    2913 |   9.0 |      82 |       1 |   1.2
   Spider:2 |    7837 |    3381 |  30.1 |      26 |       1 |   3.7
   Spider:3 |   21279 |    2981 |  12.3 |      45 |       5 |  10.0
   Spider:4 |   15280 |   22882 |  60.0 |      43 |      38 |  46.9
    Slime:1 |   14233 |       0 |   0.0 |      25 |       0 |   0.0
    Slime:2 |    8247 |       0 |   0.0 |      18 |       0 |   0.0
    Slime:3 |    7532 |       0 |   0.0 |      23 |       0 |   0.0
    Slime:4 |    5522 |       0 |   0.0 |      14 |       0 |   0.0
    Slime:5 |   15807 |   32559 |  67.3 |      38 |      12 |  24.0
      Orc:1 |    2147 |       0 |   0.0 |       5 |       0 |   0.0
      Orc:2 |    5173 |   11545 |  69.1 |      35 |      71 |  67.0
      Elf:1 |   15274 |    8791 |  36.5 |      24 |      13 |  35.1
      Elf:2 |   14503 |   24171 |  62.5 |      21 |      29 |  58.0
      Elf:3 |   22972 |   39754 |  63.4 |      38 |      29 |  43.3
   Vaults:1 |   21419 |   30249 |  58.5 |      43 |      48 |  52.7
   Vaults:2 |   39574 |    8410 |  17.5 |      80 |      12 |  13.0
   Vaults:3 |   41864 |   26717 |  39.0 |      62 |      36 |  36.7
   Vaults:4 |   37265 |   18789 |  33.5 |      52 |      11 |  17.5
   Vaults:5 |   58693 |  142456 |  70.8 |      63 |      96 |  60.4
    Crypt:1 |   44489 |    7776 |  14.9 |      67 |       2 |   2.9
    Crypt:2 |   15657 |       0 |   0.0 |      23 |       0 |   0.0
    Crypt:3 |       0 |   64212 | 100.0 |       0 |      87 | 100.0
   Depths:1 |   27370 |   14738 |  35.0 |      42 |      25 |  37.3
   Depths:2 |   62897 |   30305 |  32.5 |      87 |      21 |  19.4
   Depths:3 |   26332 |   21794 |  45.3 |      28 |      17 |  37.8
   Depths:4 |   45179 |   31096 |  40.8 |      55 |      22 |  28.6
   Depths:5 |   32184 |   22421 |  41.1 |      34 |      16 |  32.0
       Hell |   25441 |   34088 |  57.3 |      28 |      56 |  66.7
      Geh:1 |    9806 |       0 |   0.0 |      34 |       0 |   0.0
      Geh:2 |   16967 |       0 |   0.0 |      45 |       0 |   0.0
      Coc:1 |   26292 |       0 |   0.0 |      58 |       0 |   0.0
      Coc:2 |    3853 |       0 |   0.0 |       9 |       0 |   0.0
      Coc:3 |    6858 |       0 |   0.0 |      17 |       0 |   0.0
      Coc:4 |   18712 |       0 |   0.0 |      30 |       0 |   0.0
      Coc:5 |    2628 |       0 |   0.0 |      11 |       0 |   0.0
      Coc:6 |    3801 |       0 |   0.0 |      15 |       0 |   0.0
      Coc:7 |   48933 |   78461 |  61.6 |      96 |      78 |  44.8
      Tar:1 |   96323 |       0 |   0.0 |     112 |       0 |   0.0
      Tar:2 |   32016 |       0 |   0.0 |      34 |       0 |   0.0
      Tar:3 |   64635 |   12125 |  15.8 |     125 |      21 |  14.4
      Tar:4 |   24427 |       0 |   0.0 |      37 |       0 |   0.0
      Tar:5 |   16097 |       0 |   0.0 |      32 |       0 |   0.0
      Tar:6 |   26648 |   22306 |  45.6 |      38 |      30 |  44.1
      Tar:7 |   88450 |   78680 |  47.1 |     103 |      51 |  33.1
      Zot:1 |   54070 |   54971 |  50.4 |      32 |      32 |  50.0
      Zot:2 |   62801 |    1626 |   2.5 |      40 |       1 |   2.4
      Zot:3 |   31333 |       0 |   0.0 |      22 |       0 |   0.0
      Zot:4 |   91868 |       0 |   0.0 |      47 |       0 |   0.0
      Zot:5 |   62314 |  151467 |  70.9 |      38 |      38 |  50.0
    Abyss:1 |  199558 |   16568 |   7.7 |     289 |      15 |   4.9
    Abyss:2 |   46742 |       0 |   0.0 |      99 |       0 |   0.0
    Abyss:3 |  262575 |   19160 |   6.8 |     467 |      46 |   9.0
    Abyss:4 |   80925 |   19031 |  19.0 |     132 |      19 |  12.6
    Abyss:5 |   11154 |    2249 |  16.8 |      32 |       1 |   3.0
        Pan |  393321 |  349086 |  47.0 |     512 |     288 |  36.0
      Zig:1 |     738 |       0 |   0.0 |       2 |       0 |   0.0
      Zig:2 |    1883 |       0 |   0.0 |       3 |       0 |   0.0
      Zig:3 |    2748 |       0 |   0.0 |       4 |       0 |   0.0
      Zig:4 |    2660 |       0 |   0.0 |       5 |       0 |   0.0
      Zig:5 |    5917 |       0 |   0.0 |      10 |       0 |   0.0
      Zig:6 |    6665 |       0 |   0.0 |       5 |       0 |   0.0
      Zig:7 |    7259 |       0 |   0.0 |      14 |       0 |   0.0
      Zig:8 |    7710 |       0 |   0.0 |      20 |       0 |   0.0
      Zig:9 |    4345 |    1725 |  28.4 |      15 |       7 |  31.8
     Zig:10 |   26909 |       0 |   0.0 |      16 |       0 |   0.0
        Lab |       0 |    1123 | 100.0 |       0 |       5 | 100.0
    Volcano |       0 |    3742 | 100.0 |       0 |      12 | 100.0
     WizLab |       0 |   30282 | 100.0 |       0 |      35 | 100.0
            +---------+---------+-------+---------+---------+-------
